Cogmind - Beta 14 *** ADVENTURER MODE // 2024.08.15 @ 18:59:44 // Winter2019/RPGLIKE Player: Bulbasornado Result: Heading to fleet! Performance ------------- Evolutions (9) 4500 Regions Visited (39) 7800 Robots Destroyed (1915) 9575 Value Destroyed (99958) 99958 Prototype IDs (200) 4000 Alien Tech Used (20) 4000 Bonus (77191) 77191 TOTAL SCORE: 207024 Bonus ------- Triggered High Security 3500 High Alert Combat Kills 51092 Follower Combat Kills 134 Entered Garrisons 400 Met Data Miner 300 Met Imprinter 300 Acquired ECA 300 Met Zhirov 300 Met Warlord at Base 500 MAIN.C Attacked Warlord 500 Warlord Defense Kills 12870 Used Core Reset Matrix 3000 Met Sigix 2000 Win 3000 Friendly Fire -1005 Cogmind --------- Core Integrity 600/600 Matter 300/300 Energy 541/550 System Corruption 0% Temperature Cool (18) Movement Flying (20) Location To Fleet Rendezvous Parts ------- > --- POWER (3) -------- Backup Power VII Backup Power VII Backup Power VII > --- PROPULSION (6) --- Cooled Field Propulsion Drive Electron Diverter Electron Diverter Electron Diverter Electron Diverter Electron Diverter > --- UTILITY (11) ----- Experimental Core Analyzer Experimental Core Analyzer Experimental Armor Integrity Analyzer Improved Particle Charger Advanced Particle Accelerator Experimental Weapon Cycler Experimental Reaction Control System Graphene Brace Experimental Hacking Suite Deep Network Scanner Quantum Router > --- WEAPON (6) ------- Heavy Wave Gun Heavy Wave Gun Heavy Wave Gun Vortex Rifle Vortex Rifle Vortex Rifle > --- INVENTORY (1) ---- Spacefold Activator Peak State ------------ > --- POWER ------------ Backup Power VII Backup Power VII Backup Power VII > --- PROPULSION ------- Cooled Field Propulsion Drive Electron Diverter Electron Diverter Electron Diverter Electron Diverter Electron Diverter > --- UTILITY ---------- Improved Targeting Computer Experimental Core Analyzer Experimental Core Analyzer Experimental Armor Integrity Analyzer Advanced Particle Accelerator Advanced Weapon Cycler Advanced Reaction Control System Graphene Brace Experimental Hacking Suite Deep Network Scanner Quantum Router > --- WEAPON ----------- Vortex Rifle Vortex Rifle Drained L-Cannon > --- INVENTORY -------- Spacefold Activator [Rating: 239] Favorites ----------- Power Backup Power VII Engine Backup Power I Power Core Backup Power VII Reactor Fusion Reactor Propulsion Electron Diverter Flight Unit Electron Diverter Utility Core Analyzer Device Graphene Brace Storage Energy Well Processor Core Analyzer Hackware Quantum Router Protection Improved Light Armor Plating Artifact Spacefold Activator Weapon Wave Gun Energy Gun Wave Gun Energy Cannon Heavy Proton Cannon Ballistic Gun Heavy Assault Rifle Ballistic Cannon Light Cannon Launcher Improved Proton Missile Launcher Special Weapon Improved Remote Datajack Impact Weapon Hammer Slashing Weapon Phasing Sabre Piercing Weapon Force Lance Build | -11 -10 -10 -10 -8 -8 -8 -8 -8 -7 -7 -7 -7 -7 -7 -6 -6 -6 -6 -6 -6 -6 -5 -5 -5 -5 -5 -5 -5 -4 -4 -4 -4 -4 -3 -3 -3 -3 -2 -1 ------- Run | Yrd Mat Min Sub Mat Gar Mat Gar Mat Fac Was Fac Low Low Dat Pro Fac Was Fac Low Low Zio Pro Fac Was Fac Upp Upp War Pro Fac Upp Upp Zhi Pro Res Qua Sec Res Acc Slots Evolved 22 | 2 6 1 . 3 1 1 1 . 1 . . . . . . 2 . . . . . . 1 . . . . . . 1 . . . . 1 . 1 . . Power 2 | . . . . 1 . . . . . . . . . . . 1 . . . . . . . . . . . . . . . . . . . . . . . Propulsion 5 | . 3 . . 1 . . . . . . . . . . . . . . . . . . . . . . . . . 1 . . . . . . . . . Utility 10 | . 2 1 . 1 1 1 . . 1 . . . . . . 1 . . . . . . 1 . . . . . . . . . . . . . 1 . . Weapon 5 | 2 1 . . . . . 1 . . . . . . . . . . . . . . . . . . . . . . . . . . . 1 . . . . Parts Attached 603 | 6 37 6 1 22 5 16 11 4 48 . 15 . . 8 2 27 8 22 . . 8 2 28 4 21 6 . 18 2 19 11 6 4 6 46 73 74 34 3 Power 52 | 1 3 . . 3 1 2 . 3 5 . 4 . . . . 4 . 4 . . . . . . 1 . . 2 . 3 3 . . 4 2 7 . . . Engine 15 | 1 3 . . 2 1 2 . 3 2 . . . . . . . . 1 . . . . . . . . . . . . . . . . . . . . . Core 30 | . . . . 1 . . . . 3 . 3 . . . . 4 . 3 . . . . . . 1 . . 1 . 3 3 . . 2 1 5 . . . Reactor 7 | . . . . . . . . . . . 1 . . . . . . . . . . . . . . . . 1 . . . . . 2 1 2 . . . Propulsion 59 | . 9 . . 6 . 4 . . 3 . . . . . . 5 . 5 . . . . 4 . 2 . . 2 . 1 . . . . 3 8 3 4 . Treads . | . . . . . . . . . . . . . . . . . . . . . . . . . . . . . . . . . . . . . . . . Leg . | . . . . . . . . . . . . . . . . . . . . . . . . . . . . . . . . . . . . . . . . Wheel . | . . . . . . . . . . . . . . . . . . . . . . . . . . . . . . . . . . . . . . . . Hover . | . . . . . . . . . . . . . . . . . . . . . . . . . . . . . . . . . . . . . . . . Flight 59 | . 9 . . 6 . 4 . . 3 . . . . . . 5 . 5 . . . . 4 . 2 . . 2 . 1 . . . . 3 8 3 4 . Utility 339 | 1 8 4 . 6 2 10 8 . 30 . 10 . . 8 . 13 5 3 . . 7 . 13 4 12 . . 6 2 10 4 3 4 . 26 46 61 30 3 Device 239 | . 3 3 . 2 . 3 4 . 17 . 7 . . 6 . 9 5 2 . . 4 . 9 3 6 . . 4 2 10 3 1 3 . 21 36 45 28 3 Storage 3 | . . . . . . . . . 1 . 1 . . . . . . . . . . . . . . . . . . . . . . . . 1 . . . Processor 46 | . 1 1 . 1 2 2 2 . 4 . 1 . . . . 2 . 1 . . 3 . 3 1 1 . . 2 . . . 1 . . 1 5 11 1 . Hackware 27 | . . . . 2 . 2 1 . 5 . 1 . . 2 . 2 . . . . . . 1 . 5 . . . . . . . 1 . 3 . 1 1 . Protection 21 | 1 4 . . 1 . 3 1 . 3 . . . . . . . . . . . . . . . . . . . . . 1 1 . . 1 4 1 . . Artifact 3 | . . . . . . . . . . . . . . . . . . . . . . . . . . . . . . . . . . . . . 3 . . Weapon 153 | 4 17 2 1 7 2 . 3 1 10 . 1 . . . 2 5 3 10 . . 1 2 11 . 6 6 . 8 . 5 4 3 . 2 15 12 10 . . Energy Gun 98 | 2 3 1 . 7 1 . 3 1 6 . 1 . . . 2 5 1 2 . . . . 8 . 5 4 . 6 . 4 3 3 . 2 11 9 8 . . Energy Cannon 16 | . . . . . 1 . . . 4 . . . . . . . . 3 . . . . 2 . . 1 . . . . . . . . 2 1 2 . . Ballistic Gun 17 | 2 11 . 1 . . . . . . . . . . . . . . . . . . . 1 . . . . . . 1 1 . . . . . . . . Ballistic Cannon 4 | . . 1 . . . . . . . . . . . . . . 2 . . . . . . . . 1 . . . . . . . . . . . . . Launcher 4 | . . . . . . . . . . . . . . . . . . 3 . . . . . . . . . 1 . . . . . . . . . . . Special Weapon 2 | . . . . . . . . . . . . . . . . . . . . . . . . . 1 . . 1 . . . . . . . . . . . Impact Weapon 7 | . 3 . . . . . . . . . . . . . . . . 1 . . . 2 . . . . . . . . . . . . . 1 . . . Slashing Weapon 4 | . . . . . . . . . . . . . . . . . . 1 . . 1 . . . . . . . . . . . . . 1 1 . . . Piercing Weapon 1 | . . . . . . . . . . . . . . . . . . . . . . . . . . . . . . . . . . . 1 . . . . Special Melee Weapon . | . . . . . . . . . . . . . . . . . . . . . . . . . . . . . . . . . . . . . . . . Unidentified Prototypes 56 | . . . . 3 . . . . 9 . 4 . . 3 . . . 6 . . 1 . 8 . . . . 5 . 2 . . 2 . 1 4 8 . . Parts Lost 7 | . . . . . . . . . . 2 . . . . . . . 1 . . . . . . 1 . . . . 2 . . . . 1 . . . . Power 3 | . . . . . . . . . . 1 . . . . . . . 1 . . . . . . 1 . . . . . . . . . . . . . . Propulsion . | . . . . . . . . . . . . . . . . . . . . . . . . . . . . . . . . . . . . . . . . Utility 1 | . . . . . . . . . . . . . . . . . . . . . . . . . . . . . . . . . . . 1 . . . . Weapon 3 | . . . . . . . . . . 1 . . . . . . . . . . . . . . . . . . . 2 . . . . . . . . . Highest Loss Streak 2 | . . . . . . . . . . 2 . . . . . . . 1 . . . . . . 1 . . . . 1 . . . . 1 . . . . To Critical Strikes . | . . . . . . . . . . . . . . . . . . . . . . . . . . . . . . . . . . . . . . . . Average Slot Usage (%) 98 | . 97 100 100 99 100 99 99 99 99 98 99 100 100 100 100 95 93 94 95 95 98 100 99 100 99 100 100 99 100 98 99 99 100 100 99 99 99 99 100 Engine 1 | . 11 7 7 12 11 11 10 9 2 . . . . . . . 4 1 . . . . . . . . . . . . . . . . . . . . . Core 9 | . . . . . . . . . 7 9 9 10 10 10 10 9 9 11 13 13 13 13 13 13 12 13 13 12 13 12 11 12 12 12 12 11 11 11 11 Flight 23 | . 26 30 30 27 29 27 26 26 25 25 25 25 25 25 25 22 22 21 22 22 22 22 21 21 21 21 21 21 21 22 25 25 25 25 24 23 23 22 23 Device 17 | . 8 11 15 12 11 11 8 10 16 20 19 15 15 14 15 21 16 17 18 18 17 18 19 17 17 17 17 16 17 16 15 15 16 16 15 15 17 18 19 Processor 11 | . . 5 7 6 13 9 8 10 11 10 10 15 15 15 15 10 13 13 13 13 13 13 13 17 13 13 13 13 13 12 12 13 14 12 12 12 12 11 11 Hackware 9 | . . . . 5 5 9 10 10 10 10 10 10 10 10 10 9 9 9 9 9 9 9 8 8 11 13 13 13 13 12 11 8 9 12 12 12 11 11 11 Protection 1 | . 13 11 7 6 1 4 8 5 . . . . . . . . . . . . . . . . . . . . . . . 2 . . . . . . . Energy Gun 21 | . 10 7 7 25 23 22 23 26 25 24 24 25 25 25 25 19 18 18 18 18 18 18 20 21 20 21 21 20 21 19 16 18 20 20 23 23 23 23 23 Ballistic Gun 1 | . 24 15 15 . . . . . . . . . . . . . . . . . . . . . . . . . . . 4 1 . . . . . . . Peak Build Rating 239 | 7 17 25 26 50 56 69 75 79 108 108 121 109 109 119 120 128 134 151 145 145 151 151 166 164 167 168 167 184 181 189 185 188 191 192 209 222 239 223 223 Average Rating 127 | 3 11 21 25 44 53 64 68 76 99 104 107 109 109 110 119 123 126 139 145 145 149 150 156 160 162 166 167 177 180 182 182 184 187 190 204 207 216 219 221 On Entrance 128 | . 7 17 25 26 50 55 66 75 79 108 96 109 109 109 119 120 128 128 145 145 145 151 149 161 161 167 167 167 181 181 185 182 188 191 191 208 210 221 221 Naked Turns . | . . . . . . . . . . . . . . . . . . . . . . . . . . . . . . . . . . . . . . . . Heaviest Build 67 | 13 19 22 20 22 22 29 30 31 38 36 37 35 35 36 37 40 40 42 42 42 46 46 48 48 49 47 47 59 59 60 56 57 55 53 61 64 67 67 67 Greatest Support 70 | 8 21 21 26 34 34 39 39 39 40 40 40 40 40 40 40 40 40 47 47 47 47 47 53 53 53 53 53 60 60 70 70 67 67 67 68 68 67 67 67 Greatest Overweight (x) 3 | 1 1 1 . . . . . . . . . . . . . . . . . . . . 3 . . . . . . 2 . . . . 2 1 1 1 . Average Overweight (x) . | . . . . . . . . . . . . . . . . . . . . . . . . . . . . . . . . . . . . . . . . Largest Inventory Capacity 1 | . . . . . . . . . . . . . . . . . . . . . . . . . . . . . . . . . . . . 1 1 1 1 Average Capacity . | . . . . . . . . . . . . . . . . . . . . . . . . . . . . . . . . . . . . . 1 1 1 Most Carried 1 | . . . . . . . . . . . . . . . . . . . . . . . . . . . . . . . . . . . . 1 1 1 1 Average Carried . | . . . . . . . . . . . . . . . . . . . . . . . . . . . . . . . . . . . . . . 1 1 Final Capacity 1 | . . . . . . . . . . . . . . . . . . . . . . . . . . . . . . . . . . . . 1 1 1 1 Final Carried 1 | . . . . . . . . . . . . . . . . . . . . . . . . . . . . . . . . . . . . 1 1 1 1 Class Distribution -------------------- 82% | Wizard-Sprinter 6% | Gunner 5% | Hacker-Sprinter 4% | Wizard-Executioner Dominant Class ---------------- Hacker-Gunner | -10/Materials Hacker-Sprinter | -10/Mines Hacker-Sprinter | -10/Subcaves Hacker-Sprinter | -8/Materials Hacker-Sprinter | -8/Garrison Wizard-Sprinter | -8/Materials Wizard-Sprinter | -8/Garrison Wizard-Sprinter | -8/Materials Wizard-Sprinter | -7/Factory Wizard-Sprinter | -7/Waste Wizard-Sprinter | -7/Factory Wizard-Sprinter | -7/Lower Caves Wizard-Sprinter | -7/Lower Caves Wizard-Sprinter | -7/Data Miner Wizard-Sprinter | -6/Proximity Caves Wizard-Sprinter | -6/Factory Wizard-Sprinter | -6/Waste Wizard-Sprinter | -6/Factory Wizard-Sprinter | -6/Lower Caves Wizard-Sprinter | -6/Lower Caves Wizard-Sprinter | -6/Zion Wizard-Sprinter | -5/Proximity Caves Wizard-Sprinter | -5/Factory Wizard-Sprinter | -5/Waste Wizard-Sprinter | -5/Factory Wizard-Sprinter | -5/Upper Caves Wizard-Sprinter | -5/Upper Caves Wizard-Sprinter | -5/Warlord Wizard-Sprinter | -4/Proximity Caves Wizard-Sprinter | -4/Factory Wizard-Sprinter | -4/Upper Caves Wizard-Sprinter | -4/Upper Caves Wizard-Sprinter | -4/Zhirov Wizard-Sprinter | -3/Proximity Caves Wizard-Executioner | -3/Research Wizard-Sprinter | -3/Quarantine Wizard-Sprinter | -3/Section 7 Wizard-Sprinter | -2/Research Wizard-Sprinter | -1/Access Resources | -11 -10 -10 -10 -8 -8 -8 -8 -8 -7 -7 -7 -7 -7 -7 -6 -6 -6 -6 -6 -6 -6 -5 -5 -5 -5 -5 -5 -5 -4 -4 -4 -4 -4 -3 -3 -3 -3 -2 -1 ----------- Run | Yrd Mat Min Sub Mat Gar Mat Gar Mat Fac Was Fac Low Low Dat Pro Fac Was Fac Low Low Zio Pro Fac Was Fac Upp Upp War Pro Fac Upp Upp Zhi Pro Res Qua Sec Res Acc Matter Collected 7519 | 275 974 278 648 242 50 166 110 71 480 . 150 . . 80 20 270 . 300 . . 80 20 260 40 230 60 . 160 40 170 190 100 . 120 470 790 485 107 83 Remotely . | . . . . . . . . . . . . . . . . . . . . . . . . . . . . . . . . . . . . . . . . Salvage Created 101733 | 240 1631 313 618 2588 1309 2952 1467 3779 5879 455 7345 429 779 269 550 8094 . 10021 1046 490 506 1586 4877 796 8108 889 605 3014 1042 6005 356 1040 . 845 9362 3726 6645 1089 988 Parts 4568 | 2 95 43 55 111 61 140 81 171 293 7 345 20 38 13 20 370 . 452 33 25 11 72 212 26 342 28 25 126 45 278 26 46 . 37 404 147 268 59 41 Haulers Intercepted 90 | . 2 . . 6 . 5 . 6 9 . 9 . . . . 9 . 9 . . . . 8 . 11 . . . . 6 . . . . 6 2 . 1 1 Recyclers Shooed 8 | . 2 . . 1 . . . . . . . . . . . 2 . 1 . . . . . . 2 . . . . . . . . . . . . . . Parts Field Recycled . | . . . . . . . . . . . . . . . . . . . . . . . . . . . . . . . . . . . . . . . . Retrieved Matter . | . . . . . . . . . . . . . . . . . . . . . . . . . . . . . . . . . . . . . . . . Parts Self-Destructed 408 | . . . 14 . . . . . . . . 20 38 . 19 . . . 21 23 . 72 . . . 28 25 . 44 . 26 44 . 34 . . . . . Prevented . | . . . . . . . . . . . . . . . . . . . . . . . . . . . . . . . . . . . . . . . . Kills | -11 -10 -10 -10 -8 -8 -8 -8 -8 -7 -7 -7 -7 -7 -7 -6 -6 -6 -6 -6 -6 -6 -5 -5 -5 -5 -5 -5 -5 -4 -4 -4 -4 -4 -3 -3 -3 -3 -2 -1 ------- Run | Yrd Mat Min Sub Mat Gar Mat Gar Mat Fac Was Fac Low Low Dat Pro Fac Was Fac Low Low Zio Pro Fac Was Fac Upp Upp War Pro Fac Upp Upp Zhi Pro Res Qua Sec Res Acc Combat Hostiles Destroyed 1887 | 8 34 22 18 57 34 55 39 65 104 2 128 12 22 4 10 128 . 171 11 14 5 35 77 6 129 13 12 103 27 134 12 25 . 21 140 70 108 19 13 Guns 1788 | 8 32 18 15 54 33 50 39 64 98 2 122 12 22 2 10 120 . 160 10 14 2 34 75 6 124 12 11 97 25 118 12 25 . 21 138 63 108 19 13 Cannons 4 | . . 1 3 . . . . . . . . . . . . . . . . . . . . . . . . . . . . . . . . . . . . AOE 44 | . 2 3 . . . . . . . . . . . . . 1 . 6 . . . . . . . . . 6 2 16 . . . . 1 7 . . . Classes Destroyed 37 | 3 6 . 3 4 3 2 1 . 2 1 . . 1 . . 2 . . 1 1 1 1 . . . . . 2 . . . . . . . 1 2 . . Worker 42 | . 3 . . 1 . 2 . 1 2 . 3 . . . . 5 . 3 . . . . 2 . 4 . . . . 3 . . . . 9 2 2 . . Builder 27 | . . . . 1 . 1 . . 1 . 3 . . . . 5 . 5 . . . . 1 . 2 . . . . 3 . . . . 3 . . 1 1 Tunneler 6 | . . . . . . 1 . 1 1 . . . . . . 3 . . . . . . . . . . . . . . . . . . . . . . . Hauler 90 | . 2 . . 6 . 5 . 6 9 . 9 . . . . 9 . 9 . . . . 8 . 11 . . . . 6 . . . . 6 2 . 1 1 Recycler 35 | 1 5 1 . . . . . 2 6 . 4 . . . . 5 . 4 . . . . 1 . 5 . . . . . . . . . 1 . . . . Carrier 1 | . . . . . . . . . . . . . . . . 1 . . . . . . . . . . . . . . . . . . . . . . . Minesweeper 1 | . . . . . . . . . . . . . 1 . . . . . . . . . . . . . . . . . . . . . . . . . . Mechanic 31 | . 1 . . . . 1 . 1 3 . 6 . . . . 5 . 5 . . . . 1 . . . . . . 5 . . . . 3 . . . . Operator 39 | . . . . 2 . 2 . 1 8 . 5 . . . . 3 . 4 . . . . 1 . 4 . . . . 3 . . . . 4 . 2 . . Drone 2 | . . . . . . . . . . . . . . . . . . . . . . 2 . . . . . . . . . . . . . . . . . Turret 2 | . . . 2 . . . . . . . . . . . . . . . . . . . . . . . . . . . . . . . . . . . . Watcher 82 | . 3 . . 1 . 5 1 5 8 . 8 . . . . 7 . 7 . . . . 3 . 10 . . . . 9 . . . . 10 1 3 . 1 Swarmer 229 | . 6 14 4 8 10 9 8 . 14 . 6 7 6 . . 13 . 7 . 2 . 6 9 . 19 . . 13 . 21 5 8 . 5 18 3 . 8 . Cutter 6 | . . . . . . . . . 3 . . . . . . . . . . . . . 3 . . . . . . . . . . . . . . . . Saboteur 27 | . . . . . . . . . . . . . . . . 1 . 7 . . . 1 . . 3 . . 3 1 5 . . . . 2 . 4 . . Grunt 858 | . 28 8 1 34 7 28 16 46 54 . 75 1 10 . 2 63 . 93 7 3 . 14 40 . 56 9 6 36 12 51 3 8 . 4 53 38 49 1 2 Brawler 93 | . . . . 2 1 1 . 6 2 . 5 . 1 . 1 2 . 4 1 2 . 3 2 . 7 . 2 6 2 15 1 2 . . 9 9 7 . . Duelist 78 | . . . . 2 2 2 . 1 3 . 4 . 3 . 4 6 . 16 . 1 . 1 2 . 2 1 1 2 5 8 . 3 . 2 3 . 4 . . Protector 32 | . . . . . . 1 . . 1 . 3 . . . . 3 . 3 . . . . 3 . 1 . . 4 . 1 . . . . 4 5 3 . . Researcher 10 | . . . . . . . . . . . . . . . . . . . . . . . . . . . . . . . . . . . . . 10 . . Sentry 185 | . . . 1 11 7 10 6 10 11 . 12 2 2 . 2 11 . 17 1 2 . 2 7 . 11 1 2 . 2 8 1 2 . 3 23 . 13 4 1 Demolisher 10 | 2 . . . . . . . . 1 . . . . . . 1 . . . . . . . . . . . 6 . . . . . . . . . . . Specialist 19 | . . . . . 2 . 3 . 1 . 2 . . . . 1 . 1 . . . . 2 . . . . 2 . 2 . . . . . 3 . . . Hunter 118 | . . . . . 2 4 . 2 4 . 7 . . . 1 11 . 10 . . . 4 6 . 7 . . 7 4 11 . 2 . 2 16 5 4 2 7 Programmer 114 | . . . . . 3 . 3 . 7 . 8 2 . . . 11 . 9 1 . . 1 1 . 21 2 . 7 . 9 2 . . 4 6 3 9 2 3 Heavy 22 | . . . . . . . . . 3 . 6 . . . . 4 . 3 . . . . 2 . 1 . . . . 1 . . . . 2 . . . . Behemoth 23 | . . . . . . . 1 . . . . . . . . 1 . 1 . 1 . 1 . . 1 . 1 4 1 2 . . . 1 4 . 2 2 . Compactor 8 | . . . . . . . . . . 2 . . . . . . . . . . . . . 6 . . . . . . . . . . . . . . . S7 Guard 3 | . . . . . . . . . . . . . . . . . . . . . . . . . . . . . . . . . . . . . 3 . . Enhanced Grunt 4 | . . . . . . . . . . . . . . 4 . . . . . . . . . . . . . . . . . . . . . . . . . Lightning 3 | . . . . . . . . . . . . . . . . . . . . . . . . . . . . . . . . . . . . 3 . . . Striker 14 | . . . . . . . . . . . . . . . . . . . . . . . . . . . . 10 . . . . . . . . 4 . . Executioner 7 | . . . . . . . . . . . . . . . . . . . . . . . . . . . . 3 . . . . . . . . 4 . . Alpha 7 2 | . . . . . . . . . . . . . . . . . . . . . . . . . . . . . . . . . . . . . 2 . . Fortress 1 | . . . . . . . . . . . . . . . . . . . . . . . . . . . . . . . . . . . . 1 . . . Subdweller 12 | . . . 12 . . . . . . . . . . . . . . . . . . . . . . . . . . . . . . . . . . . . Zionite 4 | . . . . . . . . . . . . . . . . . . . . . 4 . . . . . . . . . . . . . . . . . . Packrat 1 | . . . . . . . . . . . . . . . . . . . . 1 . . . . . . . . . . . . . . . . . . . Thief 3 | . . . . . . . . . . . . . . . . . . . . 3 . . . . . . . . . . . . . . . . . . . Assembled 6 | 6 . . . . . . . . . . . . . . . . . . . . . . . . . . . . . . . . . . . . . . . Thug 7 | . . 1 . . . . 1 . . . . . . . . . . . 3 . 1 . . . . . . 1 . . . . . . . . . . . Savage 1 | . . . . . . . 1 . . . . . . . . . . . . . . . . . . . . . . . . . . . . . . . . Butcher 2 | . . . . . . . . . . . . . . . . . . . . . 2 . . . . . . . . . . . . . . . . . . Guerrilla 1 | . . . . . . 1 . . . . . . . . . . . . . . . . . . . . . . . . . . . . . . . . . Marauder 2 | . . . . . . . . . . . . . . . . . . . . . 2 . . . . . . . . . . . . . . . . . . Mutant 3 | . . . . . . . . . . . . . . . . . . . 1 . 1 . . . . . . 1 . . . . . . . . . . . Best Kill Streak 32 | 6 8 5 6 20 16 18 21 18 11 2 14 5 9 5 7 18 . 29 4 9 6 16 17 6 19 5 10 13 13 32 5 9 . 9 23 18 13 8 9 Combat Bots Only 29 | 6 8 5 4 12 16 8 21 18 10 2 14 5 9 4 7 12 . 29 4 9 3 16 15 6 12 5 10 13 13 29 5 9 . 9 18 18 13 7 6 Max Kills in Single Turn 8 | 1 3 3 1 3 3 2 2 2 3 1 3 3 2 1 2 4 . 5 2 2 1 3 3 1 4 1 2 4 2 8 2 3 . 2 5 5 4 4 3 Gunslinging 4 | . 1 1 . 2 2 1 1 1 2 . 2 2 1 . 1 3 . 1 1 1 . 2 2 . 3 . 1 3 1 3 1 2 . 1 4 2 3 3 1 Exploded 6 | . 1 3 . . . . . . . . . . . . . 1 . 5 . . . . . . . . . 2 1 6 . . . . 1 3 . . . Melee . | . . . . . . . . . . . . . . . . . . . . . . . . . . . . . . . . . . . . . . . . Uniques/NPCs Destroyed 1 | . . . . . . . . . . . . . . 1 . . . . . . . . . . . . . . . . . . . . . . . . . Data Miner (-7/Data Miner) Combat | -11 -10 -10 -10 -8 -8 -8 -8 -8 -7 -7 -7 -7 -7 -7 -6 -6 -6 -6 -6 -6 -6 -5 -5 -5 -5 -5 -5 -5 -4 -4 -4 -4 -4 -3 -3 -3 -3 -2 -1 -------- Run | Yrd Mat Min Sub Mat Gar Mat Gar Mat Fac Was Fac Low Low Dat Pro Fac Was Fac Low Low Zio Pro Fac Was Fac Upp Upp War Pro Fac Upp Upp Zhi Pro Res Qua Sec Res Acc Hostile Shots Fired 4183 | 14 80 36 67 111 51 126 136 99 249 2 248 10 21 24 6 294 . 614 28 30 12 81 132 1 159 12 19 401 44 331 29 15 . 41 248 143 226 23 20 Missed 2377 | 3 28 13 29 62 24 65 61 57 150 1 144 3 12 10 1 155 . 350 15 26 7 38 71 1 83 7 8 258 29 204 15 11 . 24 149 100 139 11 13 Damage Taken 27222 | 297 478 169 416 563 302 510 766 418 1282 46 1466 77 91 518 70 1930 . 3332 136 20 39 708 1100 . 1322 78 188 2923 284 2801 215 58 . 313 1556 818 1554 229 149 Core 21516 | 226 345 109 311 391 210 369 505 271 1043 46 1168 58 73 417 57 1543 . 2692 109 15 31 586 885 . 1054 60 150 2374 228 2255 176 48 . 251 1238 651 1268 186 117 Absorbed by Shields 207 | . . . . . 3 133 48 . . . . . . . . . . . . . . . . . . . . . . . . . . . 23 . . . . Redirected to Core 17745 | 203 238 83 230 312 198 309 432 231 781 . 1009 58 60 381 43 1317 . 2125 95 15 31 420 761 . 900 60 132 1901 200 1938 129 4 . 215 1091 583 992 151 117 Redirected to Shielding 9 | . . . . . . . . . . . . . . . . . . . . . . . . . . . . . . . . 9 . . . . . . . Ignored by Resistances 7932 | 78 150 58 111 164 90 242 317 241 392 12 419 22 27 135 20 553 . 955 40 5 11 197 304 . 368 21 51 803 78 690 62 16 . 84 445 231 437 62 41 Regen/Repaired (Parts) 52 | . 52 . . . . . . . . . . . . . . . . . . . . . . . . . . . . . . . . . . . . . . Core Remaining (%) 93 | 62 . . 100 . . . . 100 . . . . . . 96 . . . . . . 100 . . . . . . 100 . . . . 81 . . 95 100 100 Volleys Fired 3310 | 19 145 34 93 120 53 131 83 130 217 9 281 8 21 12 11 258 . 358 19 26 18 45 139 10 224 15 15 79 39 217 17 25 . 27 170 76 130 23 13 Largest 6 | 3 3 4 4 4 4 4 5 5 5 5 5 5 5 5 5 5 . 4 4 4 4 4 5 5 5 5 5 5 5 5 4 5 . 5 6 6 6 6 6 Hottest 432 | 100 111 156 161 258 258 258 323 323 346 305 305 305 305 345 366 394 . 324 324 324 324 324 405 405 405 405 405 241 241 248 242 343 . 343 425 432 396 384 384 Shots Fired 12439 | 53 331 95 213 428 195 490 324 537 793 43 1171 40 103 55 55 956 . 1171 73 102 69 180 533 50 912 75 74 387 132 559 49 84 . 122 799 375 639 108 64 Gun 12388 | 53 331 86 173 426 195 490 324 537 793 43 1171 40 103 55 55 956 . 1171 73 102 69 180 533 50 912 75 74 387 132 559 49 84 . 122 799 375 639 108 64 Cannon 51 | . . 9 40 2 . . . . . . . . . . . . . . . . . . . . . . . . . . . . . . . . . . . Launcher . | . . . . . . . . . . . . . . . . . . . . . . . . . . . . . . . . . . . . . . . . Special . | . . . . . . . . . . . . . . . . . . . . . . . . . . . . . . . . . . . . . . . . Kinetic 505 | 15 219 67 173 6 . . . . . . . . . . . . . . . . . . . . . . . . . . 15 10 . . . . . . . Thermal 10307 | . 57 28 40 422 195 490 324 537 793 43 1171 40 103 55 55 956 . 1171 73 102 69 180 533 50 912 75 74 76 38 204 32 51 . 78 592 227 367 61 33 Explosive . | . . . . . . . . . . . . . . . . . . . . . . . . . . . . . . . . . . . . . . . . Electromagnetic 93 | 38 55 . . . . . . . . . . . . . . . . . . . . . . . . . . . . . . . . . . . . . . Slashing 5 | . . . . . . . . . . . . . . . . . . . . . . . . . . . . . . . . . . . . . 5 . . Entropic 1529 | . . . . . . . . . . . . . . . . . . . . . . . . . . . . 311 94 355 2 23 . 44 207 148 267 47 31 Robot Hit Streak 116 | 16 28 15 38 40 39 56 39 46 116 53 106 65 103 28 20 50 . 92 19 32 18 42 53 68 100 51 19 52 38 77 36 44 . 57 105 69 44 25 25 Robot Miss Streak 3 | 3 2 2 1 1 1 2 1 2 2 1 2 . 1 1 1 3 . 2 1 1 1 3 2 . 2 1 1 2 1 1 1 1 . 2 2 2 2 2 1 Penetration Max 1 | . . . . . . . . . . . . . . . . . . . . . . . . . . . . . . . 1 1 . . . . 1 . . Secondary Targets 646 | . 9 4 . 17 9 16 17 19 34 2 42 4 7 . 1 37 . 61 6 3 1 14 25 4 28 3 7 57 9 51 6 7 . 7 58 26 45 7 3 Max Gunslinging Chain 4 | . 2 2 . 2 2 1 1 2 2 1 2 2 2 . 1 3 . 2 2 1 1 2 2 1 3 1 2 3 2 3 2 2 . 2 4 2 3 3 1 Shots Hit Robots 8269 | 39 140 53 123 273 131 273 176 270 531 42 632 24 59 51 41 639 . 758 55 72 49 143 372 45 609 54 56 328 103 434 36 65 . 88 611 305 477 71 41 Core Hits 3920 | 20 67 29 41 103 48 112 75 145 221 8 284 16 38 25 19 303 . 376 28 27 17 63 192 18 286 22 24 161 48 247 18 39 . 38 326 157 225 32 22 Critical Kills 1 | . . 1 . . . . . . . . . . . . . . . . . . . . . . . . . . . . . . . . . . . . . Critical Parts Destroyed 34 | . . . . . . . . . . . . . . . . . . . . . . . . . . . . 9 2 11 . . . 1 4 4 3 . . Critical Strikes 450 | . . 1 7 16 10 23 8 18 45 3 55 1 5 1 3 36 . 31 4 2 5 9 20 5 28 3 . 11 3 25 . 3 . 3 32 12 18 2 2 Burn 413 | . . . 5 16 10 23 8 18 45 3 55 1 5 1 3 36 . 31 4 2 5 9 20 5 28 3 . 2 1 14 . 3 . 2 28 8 15 2 2 Destroy 2 | . . 1 1 . . . . . . . . . . . . . . . . . . . . . . . . . . . . . . . . . . . . Blast 1 | . . . 1 . . . . . . . . . . . . . . . . . . . . . . . . . . . . . . . . . . . . Detonate 34 | . . . . . . . . . . . . . . . . . . . . . . . . . . . . 9 2 11 . . . 1 4 4 3 . . Melee Attacks 11 | . 11 . . . . . . . . . . . . . . . . . . . . . . . . . . . . . . . . . . . . . . Impact 11 | . 11 . . . . . . . . . . . . . . . . . . . . . . . . . . . . . . . . . . . . . . Slashing . | . . . . . . . . . . . . . . . . . . . . . . . . . . . . . . . . . . . . . . . . Piercing . | . . . . . . . . . . . . . . . . . . . . . . . . . . . . . . . . . . . . . . . . Sneak Attacks 1 | . 1 . . . . . . . . . . . . . . . . . . . . . . . . . . . . . . . . . . . . . . Combat Hostiles . | . . . . . . . . . . . . . . . . . . . . . . . . . . . . . . . . . . . . . . . . Follow-up Attacks . | . . . . . . . . . . . . . . . . . . . . . . . . . . . . . . . . . . . . . . . . Damage Inflicted 306976 | 424 2193 979 2205 5655 2869 6052 3840 5921 14149 1094 17544 668 1676 985 1197 21474 . 26203 1753 2286 1472 4545 11527 1346 20295 1828 1801 20610 5168 28452 1323 2862 . 4311 29783 18033 27281 4382 2790 Guns 293971 | 424 1844 848 1818 5636 2869 5941 3840 5819 14149 1094 17216 668 1676 985 1197 20710 . 24382 1753 2286 1472 4545 11527 1346 20181 1828 1801 18484 5048 24468 1323 2862 . 4183 29325 16517 26808 4382 2716 Cannons 441 | . . 35 387 19 . . . . . . . . . . . . . . . . . . . . . . . . . . . . . . . . . . . Explosions 12530 | . 315 96 . . . 111 . 102 . . 328 . . . . 764 . 1821 . . . . . . 114 . . 2126 120 3984 . . . 128 458 1516 473 . 74 Melee 34 | . 34 . . . . . . . . . . . . . . . . . . . . . . . . . . . . . . . . . . . . . . Ramming . | . . . . . . . . . . . . . . . . . . . . . . . . . . . . . . . . . . . . . . . . Kinetic 3772 | 96 1080 593 1439 77 . . . . . . . . . . . . . . . . . . . . . . . . . . 290 197 . . . . . . . Thermal 222197 | . 626 386 766 5578 2869 6035 3840 5921 14149 1094 17321 668 1676 985 1197 21112 . 25902 1753 2286 1472 4545 11527 1346 20181 1828 1801 4169 1187 9815 880 1493 . 2321 19113 9066 13305 2564 1420 Explosive 1708 | . 37 . . . . . . . . . 161 . . . . 362 . 301 . . . . . . 114 . . . . 527 . . . . . 206 . . . Electromagnetic 932 | 328 416 . . . . 17 . . . . 62 . . . . . . . . . . . . . . . . . . 35 . . . . . . . . 74 Impact 34 | . 34 . . . . . . . . . . . . . . . . . . . . . . . . . . . . . . . . . . . . . . Slashing 108 | . . . . . . . . . . . . . . . . . . . . . . . . . . . . . . . . . . . . . 108 . . Piercing . | . . . . . . . . . . . . . . . . . . . . . . . . . . . . . . . . . . . . . . . . Entropic 78225 | . . . . . . . . . . . . . . . . . . . . . . . . . . . . 16441 3981 18075 153 1172 . 1990 10670 8761 13868 1818 1296 Highest Corruption 2 | . 1 1 1 . 1 1 2 2 . . . . . . . . . . . . . . . . . . . . . . . . . . . . . . . Average Corruption 1 | . 1 1 1 . 1 1 1 2 . . . . . . . . . . . . . . . . . . . . . . . . . . . . . . . Corruption Purged 1 | . . . . . . 1 . . . . . . . . . . . . . . . . . . . . . . . . . . . . . . . . . Corruption Blocked 27 | . . . . . . . . . . 4 2 . . . . 1 . 1 . . . . . . 4 . . 1 . 6 1 . . 1 1 3 2 . . Effects 54 | . 14 3 4 . 3 4 9 17 . . . . . . . . . . . . . . . . . . . . . . . . . . . . . . . Message Errors 12 | . 4 1 . . 1 1 3 2 . . . . . . . . . . . . . . . . . . . . . . . . . . . . . . . Matter Fused 8 | . 2 1 . . . 1 . 4 . . . . . . . . . . . . . . . . . . . . . . . . . . . . . . . Heat Flow Errors 10 | . 5 1 1 . 1 . . 2 . . . . . . . . . . . . . . . . . . . . . . . . . . . . . . . Energy Discharges 4 | . 3 . . . . . 1 . . . . . . . . . . . . . . . . . . . . . . . . . . . . . . . . Parts Rejected 1 | . . . . . . . . 1 . . . . . . . . . . . . . . . . . . . . . . . . . . . . . . . Data Loss (minor) 5 | . . . 1 . . 1 2 1 . . . . . . . . . . . . . . . . . . . . . . . . . . . . . . . Data Loss (major) 1 | . . . . . . . . 1 . . . . . . . . . . . . . . . . . . . . . . . . . . . . . . . Misfires 3 | . . . 1 . 1 . . 1 . . . . . . . . . . . . . . . . . . . . . . . . . . . . . . . Weapon Failures 10 | . . . 1 . . 1 3 5 . . . . . . . . . . . . . . . . . . . . . . . . . . . . . . . Overload Shots 5 | . . . . . . . . . . . . . . 5 . . . . . . . . . . . . . . . . . . . . . . . . . Overflow Damage 1131 | . 29 . . . . 31 . 46 . . . . . . . 104 . 127 . . . . . . 74 . . 237 . 275 . . . 4 40 57 96 . 11 Projectiles . | . . . . . . . . . . . . . . . . . . . . . . . . . . . . . . . . . . . . . . . . Explosions 1127 | . 25 . . . . 31 . 46 . . . . . . . 104 . 127 . . . . . . 74 . . 237 . 275 . . . 4 40 57 96 . 11 Melee 4 | . 4 . . . . . . . . . . . . . . . . . . . . . . . . . . . . . . . . . . . . . . Knockbacks 4 | . . . 4 . . . . . . . . . . . . . . . . . . . . . . . . . . . . . . . . . . . . Impact . | . . . . . . . . . . . . . . . . . . . . . . . . . . . . . . . . . . . . . . . . Kinetic 4 | . . . 4 . . . . . . . . . . . . . . . . . . . . . . . . . . . . . . . . . . . . Secondary . | . . . . . . . . . . . . . . . . . . . . . . . . . . . . . . . . . . . . . . . . Self-Inflicted Damage 1111 | . 21 . . . . . . . 129 . . . . . . 131 . 62 . . . . . . 144 . . 61 52 400 . . . . . 32 40 . 39 Shots 24 | . 2 . . . . . . . 2 . . . . . . 2 . 2 . . . . . . 4 . . 1 1 7 . . . . . 1 1 . 1 Rammed . | . . . . . . . . . . . . . . . . . . . . . . . . . . . . . . . . . . . . . . . . Targets Rammed . | . . . . . . . . . . . . . . . . . . . . . . . . . . . . . . . . . . . . . . . . Kicked . | . . . . . . . . . . . . . . . . . . . . . . . . . . . . . . . . . . . . . . . . Crushed . | . . . . . . . . . . . . . . . . . . . . . . . . . . . . . . . . . . . . . . . . Highest Temperature 426 | 270 268 96 229 231 290 305 409 245 245 211 225 49 110 192 360 365 . 266 181 172 172 226 362 260 297 250 259 . . 89 78 252 . 234 426 225 200 174 172 Average Temperature 72 | 88 75 52 135 43 32 75 90 30 40 74 42 26 29 109 129 87 . 80 88 78 82 86 112 107 111 130 123 . . 31 19 67 . 86 114 58 69 73 74 Received Heat Transfer 6959 | . 297 60 87 342 69 207 339 405 465 . 540 9 21 . 27 627 . 1125 92 9 . 168 240 . 321 36 72 267 27 354 60 . . 12 267 174 195 27 18 Effects 25 | . 1 . . 1 . . 3 . 3 . 2 . . . . 2 . 1 . . . . 6 . . . 1 . . . . . . . 5 . . . . Shutdowns 5 | . . . . . . . 3 . . . . . . . . . . . . . . . . . . . . . . . . . . . 2 . . . . Energy Bleed 4 | . 1 . . . . . . . . . . . . . . . . . . . . . . . . . 1 . . . . . . . 2 . . . . Interference 15 | . . . . 1 . . . . 3 . 2 . . . . 2 . 1 . . . . 6 . . . . . . . . . . . . . . . . Short Circuit 1 | . . . . . . . . . . . . . . . . . . . . . . . . . . . . . . . . . . . 1 . . . . Siege Activations . | . . . . . . . . . . . . . . . . . . . . . . . . . . . . . . . . . . . . . . . . Robots Corrupted 1 | . 1 . . . . . . . . . . . . . . . . . . . . . . . . . . . . . . . . . . . . . . Combat Hostiles . | . . . . . . . . . . . . . . . . . . . . . . . . . . . . . . . . . . . . . . . . Parts Fried 6 | 1 3 . . . . . . . 2 . . . . . . . . . . . . . . . . . . . . . . . . . . . . . . Impact Corruptions 1 | . 1 . . . . . . . . . . . . . . . . . . . . . . . . . . . . . . . . . . . . . . Robots Melted 54 | . . . . 3 1 5 . 1 7 . 6 . . 2 . 8 . 5 1 . 3 1 2 . 6 1 1 . . . . . . . 1 . . . . Combat Hostiles 51 | . . . . 3 1 5 . 1 6 . 6 . . 2 . 7 . 5 1 . 3 1 2 . 5 1 1 . . . . . . . 1 . . . . Parts Melted 802 | . . . 2 30 18 22 21 27 80 . 114 5 7 12 2 80 . 87 5 3 13 16 48 4 90 10 4 3 . 8 1 1 . 3 55 5 20 3 3 Heat Transferred 287482 | . 1027 742 1702 11100 5321 11954 6690 11755 23272 1813 26162 962 2701 2026 1776 26768 . 30717 2368 2812 2215 5957 14307 2035 24859 2257 2072 4073 1506 9328 888 1852 . 2381 19552 7708 11568 2035 1221 Parts Sabotaged 4 | . . . . . . . . . . . . . . . . . . 4 . . . . . . . . . . . . . . . . . . . . . Parts Stolen . | . . . . . . . . . . . . . . . . . . . . . . . . . . . . . . . . . . . . . . . . Parts Stripped . | . . . . . . . . . . . . . . . . . . . . . . . . . . . . . . . . . . . . . . . . Power Chain Reactions 8 | . 3 . . . . . . . . . 2 . . . . . . . . . . . . . 2 . . . . . . . . . . . . . 1 Alert | -11 -10 -10 -10 -8 -8 -8 -8 -8 -7 -7 -7 -7 -7 -7 -6 -6 -6 -6 -6 -6 -6 -5 -5 -5 -5 -5 -5 -5 -4 -4 -4 -4 -4 -3 -3 -3 -3 -2 -1 ------- Run | Yrd Mat Min Sub Mat Gar Mat Gar Mat Fac Was Fac Low Low Dat Pro Fac Was Fac Low Low Zio Pro Fac Was Fac Upp Upp War Pro Fac Upp Upp Zhi Pro Res Qua Sec Res Acc Peak Influence 4351 | 50 1021 914 . 1322 1957 1480 2073 1976 1859 1100 1602 . . . . 1724 202 3974 . . . . 2098 1121 1548 . . . . 4351 . . . . 2716 2525 2578 1768 1169 Initial 1330 | . . 270 . 37 639 821 735 870 770 1100 666 . . . . 115 202 124 . . . . 437 1100 691 . . . . 221 . . . . 279 1330 1236 1262 927 Average 934 | 1 494 619 . 746 1420 996 1459 991 1155 1094 738 . . . . 632 202 1012 . . . . 912 1117 722 . . . . 1890 . . . . 2181 1613 1512 1614 1042 Maximum Alert Level 5 | . 3 3 . 4 5 4 5 5 5 4 5 . . . . 5 1 5 . . . . 5 4 4 . . . . 5 . . . . 5 5 5 5 4 Low Security (%) 12 | 100 13 . . 13 . . . 2 6 . 13 . . . . 17 . 1 . . . . . . 1 . . . . . . . . . . . . . . Level 1 8 | . 17 7 . 6 . . . 6 4 . 18 . . . . 11 100 . . . . . 3 . 12 . . . . 7 . . . . 2 . 4 . . Level 2 23 | . 45 58 . 12 . 8 . 8 14 . 21 . . . . 25 . 40 . . . . 44 . 38 . . . . 11 . . . . 3 . 7 . . Level 3 26 | . 23 34 . 49 25 58 17 54 17 26 18 . . . . 35 . 41 . . . . 17 . 34 . . . . 17 . . . . 10 27 16 . 79 Level 4 14 | . . . . 17 35 32 35 10 30 73 27 . . . . 9 . 3 . . . . 25 100 12 . . . . 15 . . . . 6 23 19 41 20 Level 5 6 | . . . . . 38 . 47 17 26 . . . . . . 1 . 3 . . . . 7 . . . . . . 10 . . . . 6 15 34 58 . High Security 8 | . . . . . . . . . . . . . . . . . . 9 . . . . 1 . . . . . . 38 . . . . 70 33 17 . . Max Security . | . . . . . . . . . . . . . . . . . . . . . . . . . . . . . . . . . . . . . . . . Sterilizations 9 | . . . . 1 . 1 . 1 . . 1 . . . . 1 . 1 . . . . . . 1 . . . . 1 . . . . 1 . . . . Squads Dispatched 364 | . 11 . . 17 . 17 . 18 31 . 37 . . . . 32 . 45 . . . 1 20 . 34 . . . 1 35 . . . . 25 15 21 3 1 Investigation 156 | . 11 . . 9 . 12 . 14 16 . 17 . . . . 15 . 17 . . . . 11 . 16 . . . . 6 . . . . 7 1 1 2 1 Extermination 38 | . . . . . . . . . 3 . 7 . . . . 5 . 5 . . . . 1 . 10 . . . . 1 . . . . 3 1 2 . . Reinforcement 50 | . . . . 2 . 1 . . 7 . 6 . . . . 5 . 7 . . . . 4 . 3 . . . . 7 . . . . 2 2 3 1 . Assault 97 | . . . . . . 1 . 3 4 . 4 . . . . 6 . 15 . . . 1 4 . 5 . . . 1 17 . . . . 11 10 15 . . Garrison 23 | . . . . 6 . 3 . 1 1 . 3 . . . . 1 . 1 . . . . . . . . . . . 4 . . . . 2 1 . . . Intercept . | . . . . . . . . . . . . . . . . . . . . . . . . . . . . . . . . . . . . . . . . Searches Triggered . | . . . . . . . . . . . . . . . . . . . . . . . . . . . . . . . . . . . . . . . . Construction Impeded 7 | . . . . 1 . 1 . . . . 1 . . . . . . . . . . . . . . . . . . 2 . . . . . 1 1 . . Haulers Reinforced 16 | . . . . . . . . . 2 . . . . . . 1 . 4 . . . . 1 . 1 . . . . 2 . . . . 2 1 1 1 . Active Scanning Responses . | . . . . . . . . . . . . . . . . . . . . . . . . . . . . . . . . . . . . . . . . Cargo Convoy Interrupts 5 | . . . . . . . . . 1 . 1 . . . . 1 . 1 . . . . 1 . . . . . . . . . . . . . . . . Stealth | -11 -10 -10 -10 -8 -8 -8 -8 -8 -7 -7 -7 -7 -7 -7 -6 -6 -6 -6 -6 -6 -6 -5 -5 -5 -5 -5 -5 -5 -4 -4 -4 -4 -4 -3 -3 -3 -3 -2 -1 --------- Run | Yrd Mat Min Sub Mat Gar Mat Gar Mat Fac Was Fac Low Low Dat Pro Fac Was Fac Low Low Zio Pro Fac Was Fac Upp Upp War Pro Fac Upp Upp Zhi Pro Res Qua Sec Res Acc Distress Signals 46 | . 1 . . 3 . 5 . 3 3 . 1 . 1 . . 1 . 2 . . . . . . 1 . . 1 . 6 . . . . 6 1 5 4 2 Communications Jammed . | . . . . . . . . . . . . . . . . . . . . . . . . . . . . . . . . . . . . . . . . Distress Signals . | . . . . . . . . . . . . . . . . . . . . . . . . . . . . . . . . . . . . . . . . Times Spotted 2091 | 5 35 19 21 57 26 55 30 84 117 4 139 5 19 4 7 137 . 200 10 12 6 31 85 6 145 12 10 122 25 187 10 18 . 18 161 83 157 18 11 Peak Tracking Total 21 | 2 8 3 5 7 4 6 7 21 7 4 6 2 7 4 6 9 . 21 4 7 1 14 7 4 7 5 5 13 7 21 4 8 . 6 12 19 13 4 6 Tactical Retreats 42 | . 1 1 1 3 2 . . 2 1 . 1 . . . . 2 . 5 . . . . 1 . 3 . . 3 . 7 . . . . 4 2 3 . . Traps | -11 -10 -10 -10 -8 -8 -8 -8 -8 -7 -7 -7 -7 -7 -7 -6 -6 -6 -6 -6 -6 -6 -5 -5 -5 -5 -5 -5 -5 -4 -4 -4 -4 -4 -3 -3 -3 -3 -2 -1 ------- Run | Yrd Mat Min Sub Mat Gar Mat Gar Mat Fac Was Fac Low Low Dat Pro Fac Was Fac Low Low Zio Pro Fac Was Fac Upp Upp War Pro Fac Upp Upp Zhi Pro Res Qua Sec Res Acc Traps Triggered 40 | . 1 . 1 . 3 . 3 . 3 . 1 . . . . 4 . 6 . . . . 2 . 6 . . . . 4 . . . . 5 . 1 . . Indirectly . | . . . . . . . . . . . . . . . . . . . . . . . . . . . . . . . . . . . . . . . . Trap Hack Attempts . | . . . . . . . . . . . . . . . . . . . . . . . . . . . . . . . . . . . . . . . . Triggered . | . . . . . . . . . . . . . . . . . . . . . . . . . . . . . . . . . . . . . . . . Disarmed 114 | . 3 . . . . 6 . 12 26 . 19 . . . . 18 . 6 . . . . 4 . 20 . . . . . . . . . . . . . . Reprogrammed . | . . . . . . . . . . . . . . . . . . . . . . . . . . . . . . . . . . . . . . . . Reused . | . . . . . . . . . . . . . . . . . . . . . . . . . . . . . . . . . . . . . . . . Traps Extracted . | . . . . . . . . . . . . . . . . . . . . . . . . . . . . . . . . . . . . . . . . Installed . | . . . . . . . . . . . . . . . . . . . . . . . . . . . . . . . . . . . . . . . . Triggered 19 | . . . . . . . . . 2 . . . 1 . . . . . . . . . . . . . . 16 . . . . . . . . . . . Machines | -11 -10 -10 -10 -8 -8 -8 -8 -8 -7 -7 -7 -7 -7 -7 -6 -6 -6 -6 -6 -6 -6 -5 -5 -5 -5 -5 -5 -5 -4 -4 -4 -4 -4 -3 -3 -3 -3 -2 -1 ---------- Run | Yrd Mat Min Sub Mat Gar Mat Gar Mat Fac Was Fac Low Low Dat Pro Fac Was Fac Low Low Zio Pro Fac Was Fac Upp Upp War Pro Fac Upp Upp Zhi Pro Res Qua Sec Res Acc Machines Disabled 730 | . 32 6 2 29 12 23 8 31 61 . 82 1 1 1 . 67 . 158 1 . . 1 33 . 71 . 1 2 1 51 . 1 . . 13 18 19 2 2 Max in Single Turn 9 | . 2 2 1 3 2 2 1 3 3 . 4 1 1 1 . 4 . 6 1 . . 1 2 . 6 . 1 1 1 9 . 1 . . 2 4 2 1 1 Garrison Access 29 | . . . . . . . . 1 2 . 2 . . . . 3 . 3 . . . . 3 . 4 . . . . 3 . . . . 4 1 . 3 . Garrison Relay 9 | . . . . . 5 . 4 . . . . . . . . . . . . . . . . . . . . . . . . . . . . . . . . Phase Generator 2 | . . . . . 1 . 1 . . . . . . . . . . . . . . . . . . . . . . . . . . . . . . . . Machines Repaired . | . . . . . . . . . . . . . . . . . . . . . . . . . . . . . . . . . . . . . . . . Machines Dismantled . | . . . . . . . . . . . . . . . . . . . . . . . . . . . . . . . . . . . . . . . . Machines Sabotaged 11 | . 2 . . 3 . 2 1 2 . . . . . . . . . . . . . . 1 . . . . . . . . . . . . . . . . Overloaded Fab Kills . | . . . . . . . . . . . . . . . . . . . . . . . . . . . . . . . . . . . . . . . . Hacking | -11 -10 -10 -10 -8 -8 -8 -8 -8 -7 -7 -7 -7 -7 -7 -6 -6 -6 -6 -6 -6 -6 -5 -5 -5 -5 -5 -5 -5 -4 -4 -4 -4 -4 -3 -3 -3 -3 -2 -1 --------- Run | Yrd Mat Min Sub Mat Gar Mat Gar Mat Fac Was Fac Low Low Dat Pro Fac Was Fac Low Low Zio Pro Fac Was Fac Upp Upp War Pro Fac Upp Upp Zhi Pro Res Qua Sec Res Acc Machines Accessed 382 | . 11 . 3 15 3 19 3 18 38 . 39 2 . 4 . 31 . 34 2 . . . 24 . 41 2 1 9 . 15 1 1 6 . 27 9 17 2 5 Terminals 195 | . 8 . . 10 3 12 3 12 19 . 18 . . . . 14 . 17 . . . . 12 . 20 . . . . 6 . . . . 15 7 15 1 3 Fabricators 33 | . . . . . . . . . 5 . 6 . . . . 5 . 4 . . . . 2 . 5 . . . . 1 . . . . 4 . . . 1 Repair Stations 17 | . 1 . . . . 2 . 2 2 . 3 . . . . 2 . 1 . . . . 1 . 2 . . . . 1 . . . . . . . . . Recycling Units 47 | . 2 . . 2 . 2 . 2 6 . 6 . . . . 4 . 6 . . . . 5 . 6 . . . . 3 . . . . 3 . . . . Scanalyzers 30 | . . . . 2 . 2 . 2 4 . 3 . . . . 3 . 3 . . . . 1 . 4 . . . . 1 . . . . 1 2 2 . . Garrison Access 29 | . . . . 1 . 1 . . 2 . 3 . . . . 3 . 3 . . . . 3 . 4 . . . . 3 . . . . 4 . . 1 1 Total Hacks 2047 | . 74 . 4 69 11 101 14 105 223 . 196 2 . 25 . 173 . 187 8 . . . 141 . 240 5 1 16 . 98 1 1 19 . 151 45 103 15 19 Successful 1698 | . 54 . 4 56 8 81 7 91 181 . 157 2 . 25 . 149 . 163 8 . . . 116 . 215 5 1 16 . 78 1 1 19 . 123 30 78 14 15 Failed 339 | . 19 . . 13 2 20 7 13 41 . 38 . . . . 23 . 24 . . . . 24 . 24 . . . . 20 . . . . 27 15 24 1 4 Catastrophic 42 | . 2 . . 1 . . . 3 5 . 6 . . . . 2 . 4 . . . . 5 . 6 . . . . 2 . . . . 1 1 4 . . Database Lockouts 10 | . 1 . . . 1 . . 1 1 . 1 . . . . 1 . . . . . . 1 . 1 . . . . . . . . . 1 . 1 . . Manual 1368 | . 52 . . 56 10 73 11 80 133 . 134 . . . . 123 . 139 . . 3 . 93 . 169 . . 1 . 76 . . . . 97 31 66 8 13 Terminals 1458 | . 55 . . 55 11 81 14 89 158 . 135 . . . . 122 . 127 . . . . 96 . 170 . . . . 67 . . . . 109 42 101 14 12 Fabricators 88 | . . . . . . . . . 15 . 10 . . . . 15 . 11 . . . . 6 . 14 . . . . 2 . . . . 12 . . . 3 Repair Stations 33 | . 7 . . . . 4 . 4 4 . 3 . . . . 3 . 1 . . . . 1 . 4 . . . . 2 . . . . . . . . . Recycling Units 239 | . 12 . . 8 . 10 . 10 33 . 32 . . . . 18 . 33 . . . . 25 . 31 . . . . 14 . . . . 13 . . . . Scanalyzers 32 | . . . . 2 . 2 . 2 4 . 3 . . . . 3 . 3 . . . . 1 . 5 . . . . 1 . . . . 1 3 2 . . Garrison Access 115 | . . . . 4 . 4 . . 9 . 13 . . . . 12 . 12 . . . . 12 . 16 . . . . 12 . . . . 16 . . 1 4 Terminal Hacks 868 | . 18 . 4 27 7 39 5 41 89 . 71 2 . 25 . 72 . 66 8 . . . 50 . 95 5 1 16 . 37 1 1 19 . 65 23 62 13 6 Record 65 | . 1 . 1 . . . . . . . . . . 7 . 1 . . 7 . . . . . 3 4 . 15 . 5 . . 7 . 5 6 3 . . Part Schematic 52 | . . . . . . . . . 12 . 3 . . 9 . 3 . 3 . . . . . . 5 . . . . 4 . . 4 . 5 . 4 . . Robot Schematic 7 | . . . . . . . . . . . . . . 6 . . . . . . . . . . . . . . . . . . . . . . . 1 . Robot Analysis 92 | . 4 . . 10 3 . . . 5 . 3 . . . . 9 . 1 . . . . 4 . 9 . . . . 9 . . 4 . 10 3 13 5 . Prototype ID Bank 119 | . 5 . . 6 . 10 2 8 13 . 9 . . 3 . 9 . 12 . . . . 2 . 12 . . . . 3 . . 4 . 11 2 5 1 2 Open Door 18 | . . . 1 . 1 . 1 . . . . 2 . . . . . . 1 . . . 1 . 1 1 1 1 . . 1 1 . . . 1 3 . 1 Level Access Points 11 | . 1 . . . . 1 . . 1 . 1 . . . . 1 . 1 . . . . 1 . 1 . . . . . . . . . . . 1 1 1 Branch Access Points 13 | . 1 . . . . 1 . . 1 . 1 . . . . 2 . 1 . . . . 1 . 1 . . . . 1 . . . . 1 . 1 1 . Emergency Access Points 38 | . 1 . . . 1 2 1 2 5 . 5 . . . . 3 . 6 . . . . 3 . 5 . . . . 1 . . . . . . 3 . . Machine Index 11 | . . . . 1 . 1 . 1 1 . 1 . . . . 1 . 1 . . . . . . 1 . . . . . . . . . . 2 1 . . Terminal Index 1 | . . . . . . . . 1 . . . . . . . . . . . . . . . . . . . . . . . . . . . . . . . Fabricator Index 1 | . . . . . . . . . . . . . . . . . . . . . . . 1 . . . . . . . . . . . . . . . . Repair Station Index 1 | . . . . . . . . . . . . . . . . . . . . . . . 1 . . . . . . . . . . . . . . . . Recycling Unit Index 1 | . . . . . . . . . . . . . . . . . . . . . . . 1 . . . . . . . . . . . . . . . . Scanalyzer Index 1 | . . . . . . . . . . . . . . . . . . . . . . . 1 . . . . . . . . . . . . . . . . Garrison Index 1 | . . . . . . . . . . . . . . . . . . . . . . . 1 . . . . . . . . . . . . . . . . Alert Level 97 | . . . . 3 . 3 . 5 12 . 13 . . . . 12 . 12 . . . . 7 . 17 . . . . 2 . . . . 4 1 5 1 . Unreport Threat 117 | . . . . 5 . 9 . 9 12 . 10 . . . . 10 . 9 . . . . 9 . 9 . . . . 6 . . . . 10 5 9 3 2 Locate Traps 105 | . 3 . . 2 1 7 . 7 14 . 13 . . . . 10 . 10 . . . . 7 . 12 . . . . 4 . . . . 9 1 5 . . Disarm Traps 26 | . 1 . . . . 1 . 2 5 . 4 . . . . 4 . 1 . . . . 3 . 5 . . . . . . . . . . . . . . Extermination Status 1 | . . . . . . . . . . . . . . . . . . . . . . . . . 1 . . . . . . . . . . . . . . Reinforcement Status 1 | . . . . . . . . . . . . . . . . . . . . . . . . . . . . . . . . . . . 1 . . . . Assault Status 1 | . . . . . . . . . . . . . . . . . . . . . . . . . 1 . . . . . . . . . . . . . . Recall Investigation 1 | . . . . . . . . . . . . . . . . . . . . . . . . . . . . . . . . . . . 1 . . . . Recall Extermination 5 | . . . . . . . . . 1 . . . . . . . . . . . . . 1 . . . . . . . . . . . 3 . . . . Recall Reinforcements 3 | . . . . . . . . . . . . . . . . . . . . . . . . . 1 . . . . . . . . . 1 . 1 . . Recall Assault 5 | . . . . . . . . . . . . . . . . . . . . . . . 1 . . . . . . . . . . . 3 . 1 . . Hauler Manifests 22 | . . . . . . 2 . 2 2 . 1 . . . . 2 . 1 . . . . 2 . 4 . . . . 2 . . . . 1 1 2 . . Registered Prototypes 1 | . . . . . . . . . . . . . . . . . . . . . . . 1 . . . . . . . . . . . . . . . . Zone Layout 46 | . 1 . . . . 2 . 4 5 . 7 . . . . 5 . 8 . . . . 2 . 7 . . . . . . . . . . 1 4 . . Garrison Registry 1 | . . . . . 1 . . . . . . . . . . . . . . . . . . . . . . . . . . . . . . . . . . Security Stations 1 | . . . . . . . 1 . . . . . . . . . . . . . . . . . . . . . . . . . . . . . . . . Derelict Proto ID Bank 1 | . . . 1 . . . . . . . . . . . . . . . . . . . . . . . . . . . . . . . . . . . . Activate Exoskeleton 1 | . . . . . . . . . . . . . . . . . . . . . . . . . . . . . . . . . . . . . 1 . . Release Object 1 | . . . 1 . . . . . . . . . . . . . . . . . . . . . . . . . . . . . . . . . . . . Fabricator Hacks 55 | . . . . . . . . . 12 . 3 . . . . 11 . 5 . . . . 4 . 7 . . . . 1 . . . . 10 . . . 2 Network Status 20 | . . . . . . . . . 3 . 3 . . . . 3 . 3 . . . . 2 . 3 . . . . 1 . . . . 2 . . . . Load Schematic 17 | . . . . . . . . . 4 . . . . . . 4 . 1 . . . . 1 . 2 . . . . . . . . . 4 . . . 1 Build 18 | . . . . . . . . . 5 . . . . . . 4 . 1 . . . . 1 . 2 . . . . . . . . . 4 . . . 1 Repair Station Hacks 18 | . 4 . . . . 3 . 2 2 . 2 . . . . 2 . 1 . . . . . . 1 . . . . 1 . . . . . . . . . Refit 18 | . 4 . . . . 3 . 2 2 . 2 . . . . 2 . 1 . . . . . . 1 . . . . 1 . . . . . . . . . Recycling Unit Hacks 64 | . 4 . . 1 . 2 . 3 9 . 8 . . . . 4 . 8 . . . . 8 . 9 . . . . 5 . . . . 3 . . . . Retrieve Matter 11 | . 1 . . . . 1 . 1 1 . 3 . . . . . . 1 . . . . . . 1 . . . . 1 . . . . 1 . . . . Retrieve Components 53 | . 3 . . 1 . 1 . 2 8 . 5 . . . . 4 . 7 . . . . 8 . 8 . . . . 4 . . . . 2 . . . . Scanalyzer . | . . . . . . . . . . . . . . . . . . . . . . . . . . . . . . . . . . . . . . . . Garrison Access Hacks 8 | . . . . 1 . 1 . . 1 . 1 . . . . . . . . . . . . . . . . . . . . . . . 3 . . . 1 Unlock Access 4 | . . . . 1 . 1 . . . . 1 . . . . . . . . . . . . . . . . . . . . . . . . . . . 1 Seal Access 4 | . . . . . . . . . 1 . . . . . . . . . . . . . . . . . . . . . . . . . 3 . . . . Unauthorized Hacks 684 | . 28 . . 27 1 36 2 45 68 . 72 . . . . 60 . 82 . . . . 54 . 103 . . . . 34 . . . . 42 7 16 1 6 Terminals 340 | . 20 . . 15 1 22 2 34 34 . 30 . . . . 26 . 37 . . . . 22 . 51 . . . . 10 . . . . 16 4 14 . 2 Track 50 | . 3 . . . . 2 . 6 3 . 5 . . . . 4 . 9 . . . . 4 . 12 . . . . 1 . . . . . . 1 . . Assimilate 3 | . . . . . . . . . . . . . . . . . . . . . . . . . 1 . . . . 1 . . . . . . 1 . . Botnet 164 | . 7 . . 8 . 11 . 10 19 . 17 . . . . 14 . 17 . . . . 10 . 18 . . . . 5 . . . . 15 3 8 . 2 Disrupt 67 | . 3 . . . . 3 . 6 11 . 7 . . . . 6 . 9 . . . . 4 . 14 . . . . 2 . . . . . . 2 . . Operators 27 | . 1 . . 1 . 2 . 3 1 . 1 . . . . 2 . 2 . . . . 3 . 6 . . . . 1 . . . . 1 1 2 . . Sabotage 23 | . 4 . . 4 . 3 2 9 . . . . . . . . . . . . . . 1 . . . . . . . . . . . . . . . . Search 5 | . 2 . . 2 . 1 . . . . . . . . . . . . . . . . . . . . . . . . . . . . . . . . . Override 1 | . . . . . 1 . . . . . . . . . . . . . . . . . . . . . . . . . . . . . . . . . . Fabricators 32 | . . . . . . . . . 2 . 7 . . . . 4 . 6 . . . . 2 . 7 . . . . 1 . . . . 2 . . . 1 Haulers 22 | . . . . . . . . . 2 . 3 . . . . 4 . 3 . . . . 2 . 4 . . . . 1 . . . . 2 . . . 1 Download 10 | . . . . . . . . . . . 4 . . . . . . 3 . . . . . . 3 . . . . . . . . . . . . . . Repair Stations 11 | . 1 . . . . 1 . 2 1 . 1 . . . . 1 . . . . . . 1 . 2 . . . . 1 . . . . . . . . . Mechanics 9 | . . . . . . 1 . 1 1 . 1 . . . . 1 . . . . . . 1 . 2 . . . . 1 . . . . . . . . . Patch 2 | . 1 . . . . . . 1 . . . . . . . . . . . . . . . . . . . . . . . . . . . . . . . Recycling Units 164 | . 7 . . 7 . 8 . 7 20 . 20 . . . . 14 . 24 . . . . 16 . 22 . . . . 9 . . . . 10 . . . . Monitor 2 | . . . . . . . . . . . . . . . . . . . . . . . 1 . 1 . . . . . . . . . . . . . . Reject 46 | . 2 . . 2 . 2 . 2 6 . 6 . . . . 4 . 6 . . . . 4 . 6 . . . . 3 . . . . 3 . . . . Recyclers 28 | . 1 . . 1 . 2 . 1 2 . 3 . . . . 2 . 6 . . . . 3 . 3 . . . . 1 . . . . 3 . . . . Mask 46 | . 2 . . 2 . 2 . 2 6 . 6 . . . . 4 . 6 . . . . 4 . 6 . . . . 3 . . . . 3 . . . . Tunnel 42 | . 2 . . 2 . 2 . 2 6 . 5 . . . . 4 . 6 . . . . 4 . 6 . . . . 2 . . . . 1 . . . . Scanalyzers 32 | . . . . 2 . 2 . 2 4 . 3 . . . . 3 . 3 . . . . 1 . 5 . . . . 1 . . . . 1 3 2 . . Researchers 6 | . . . . . . . . . . . . . . . . . . . . . . . . . 1 . . . . 1 . . . . 1 2 1 . . Extract 26 | . . . . 2 . 2 . 2 4 . 3 . . . . 3 . 3 . . . . 1 . 4 . . . . . . . . . . 1 1 . . Garrison Access 105 | . . . . 3 . 3 . . 7 . 11 . . . . 12 . 12 . . . . 12 . 16 . . . . 12 . . . . 13 . . 1 3 Broadcast 28 | . . . . 1 . 1 . . 2 . 3 . . . . 3 . 3 . . . . 3 . 4 . . . . 3 . . . . 4 . . . 1 Intercept 28 | . . . . 1 . 1 . . 2 . 3 . . . . 3 . 3 . . . . 3 . 4 . . . . 3 . . . . 4 . . . 1 Watchers 28 | . . . . 1 . 1 . . 2 . 3 . . . . 3 . 3 . . . . 3 . 4 . . . . 3 . . . . 4 . . . 1 Jam 21 | . . . . . . . . . 1 . 2 . . . . 3 . 3 . . . . 3 . 4 . . . . 3 . . . . 1 . . 1 . Data Cores Recovered 35 | . . . . . . 2 . 1 8 . 5 . . . . 3 . 3 . . . . 1 . 3 . . . . 3 . . . . 4 . 2 . . Used 21 | . . . . . . . . 1 4 . 3 . . . . 2 . 3 . . . . 1 . 1 . . . . 1 . . . . 3 . 2 . . Hacking Detections 229 | . 7 . . 11 2 11 2 10 32 . 23 . . . . 18 . 21 . . . . 15 . 22 . . . . 10 . . . . 23 4 12 1 5 Full Trace Events 37 | . 2 . . 3 1 4 . . 5 . 3 . . . . 5 . 2 . . . . 2 . 3 . . . . 1 . . . . 4 . . 1 1 Feedback Events 3 | . 1 . . . . . . . . . 2 . . . . . . . . . . . . . . . . . . . . . . . . . . . . Corruption 3 | . 1 . . . . . . . . . 2 . . . . . . . . . . . . . . . . . . . . . . . . . . . . Feedback Blocked 1 | . . . . . . . . . . . . . . . . 1 . . . . . . . . . . . . . . . . . . . . . . . Robot Schematics Acquired 14 | . . . . . . . . . . . . . . 6 . . . . . . 1 . . . . . . . . . . . . . . . 6 1 . Robots Built . | . . . . . . . . . . . . . . . . . . . . . . . . . . . . . . . . . . . . . . . . Authchips . | . . . . . . . . . . . . . . . . . . . . . . . . . . . . . . . . . . . . . . . . Time . | . . . . . . . . . . . . . . . . . . . . . . . . . . . . . . . . . . . . . . . . Total Robot Build Rating . | . . . . . . . . . . . . . . . . . . . . . . . . . . . . . . . . . . . . . . . . Part Schematics Acquired 189 | . . . . 17 . 10 . 6 25 . 18 . . 9 . 10 . 11 . . 13 . 8 . 18 . . . . 4 . . 4 . 4 4 28 . . Parts Built 24 | . . . . . . . . . 6 . . . . . . 6 . 2 . . . . 2 . 3 . . . . . . . . . 4 . . . 1 Authchips . | . . . . . . . . . . . . . . . . . . . . . . . . . . . . . . . . . . . . . . . . Time 1428 | . . . . . . . . . 387 . . . . . . 265 . 53 . . . . 58 . 251 . . . . . . . . . 340 . . . 74 Total Part Build Rating 159 | . . . . . . . . . 33 . . . . . . 36 . 12 . . . . 14 . 23 . . . . . . . . . 32 . . . 9 Parts Repaired . | . . . . . . . . . . . . . . . . . . . . . . . . . . . . . . . . . . . . . . . . Time . | . . . . . . . . . . . . . . . . . . . . . . . . . . . . . . . . . . . . . . . . Parts Recycled . | . . . . . . . . . . . . . . . . . . . . . . . . . . . . . . . . . . . . . . . . Recycled Matter . | . . . . . . . . . . . . . . . . . . . . . . . . . . . . . . . . . . . . . . . . Retrieved Matter 175 | . 31 . . . . . . . . . 106 . . . . . . 38 . . . . . . . . . . . . . . . . . . . . . Retrieved Components 281 | . 15 . . 9 . 8 . 18 45 . 33 . . . . 18 . 41 . . . . 42 . 26 . . . . 21 . . . . 5 . . . . Parts Scanalyzed . | . . . . . . . . . . . . . . . . . . . . . . . . . . . . . . . . . . . . . . . . Part Schematics Acquired . | . . . . . . . . . . . . . . . . . . . . . . . . . . . . . . . . . . . . . . . . Parts Damaged . | . . . . . . . . . . . . . . . . . . . . . . . . . . . . . . . . . . . . . . . . Bothacking | -11 -10 -10 -10 -8 -8 -8 -8 -8 -7 -7 -7 -7 -7 -7 -6 -6 -6 -6 -6 -6 -6 -5 -5 -5 -5 -5 -5 -5 -4 -4 -4 -4 -4 -3 -3 -3 -3 -2 -1 ------------ Run | Yrd Mat Min Sub Mat Gar Mat Gar Mat Fac Was Fac Low Low Dat Pro Fac Was Fac Low Low Zio Pro Fac Was Fac Upp Upp War Pro Fac Upp Upp Zhi Pro Res Qua Sec Res Acc Used RIF Installer . | . . . . . . . . . . . . . . . . . . . . . . . . . . . . . . . . . . . . . . . . Robots Hacked . | . . . . . . . . . . . . . . . . . . . . . . . . . . . . . . . . . . . . . . . . Non-combat . | . . . . . . . . . . . . . . . . . . . . . . . . . . . . . . . . . . . . . . . . Combat . | . . . . . . . . . . . . . . . . . . . . . . . . . . . . . . . . . . . . . . . . Robot Hacks Applied . | . . . . . . . . . . . . . . . . . . . . . . . . . . . . . . . . . . . . . . . . Relay Couplers Released 21 | . . . . . 9 . 7 1 1 . . . . . . . . . . . . . 1 . . . . . . . . . . . . . . 2 . Machine Destruction 20 | . . . . . 9 . 7 1 . . . . . . . . . . . . . . 1 . . . . . . . . . . . . . . 2 . Programmers 1 | . . . . . . . . . 1 . . . . . . . . . . . . . . . . . . . . . . . . . . . . . . Fabnet Peak Effective % . | . . . . . . . . . . . . . . . . . . . . . . . . . . . . . . . . . . . . . . . . Robots Rewired . | . . . . . . . . . . . . . . . . . . . . . . . . . . . . . . . . . . . . . . . . Allies Hacked . | . . . . . . . . . . . . . . . . . . . . . . . . . . . . . . . . . . . . . . . . Hacks Repelled . | . . . . . . . . . . . . . . . . . . . . . . . . . . . . . . . . . . . . . . . . Allies | -11 -10 -10 -10 -8 -8 -8 -8 -8 -7 -7 -7 -7 -7 -7 -6 -6 -6 -6 -6 -6 -6 -5 -5 -5 -5 -5 -5 -5 -4 -4 -4 -4 -4 -3 -3 -3 -3 -2 -1 -------- Run | Yrd Mat Min Sub Mat Gar Mat Gar Mat Fac Was Fac Low Low Dat Pro Fac Was Fac Low Low Zio Pro Fac Was Fac Upp Upp War Pro Fac Upp Upp Zhi Pro Res Qua Sec Res Acc Total Allies 29 | . . 1 . . 2 . . . . . . . . . . . . 3 . . . . . 19 1 2 . . . . . . . . . . 1 . . Largest Group 19 | . . 1 . . 2 1 . . . . . . . . . . . 3 . . . . . 19 1 2 2 . . . . . . . . . 1 . . Highest-Rated Group 684 | . . 31 . . 59 39 . . . . . . . . . . . 93 . . . . . 684 26 50 50 . . . . . . . . . 26 . . Highest-Rated Ally 50 | . . 31 . . 39 39 . . . . . . . . . . . 31 . . . . . 50 26 25 25 . . . . . . . . . 26 . . Total Orders . | . . . . . . . . . . . . . . . . . . . . . . . . . . . . . . . . . . . . . . . . Ally Attacks 46 | . . . . . 11 . . . . . . . . . . . . 35 . . . . . . . . . . . . . . . . . . . . . Total Damage 692 | . . . . . 159 . . . . . . . . . . . . 533 . . . . . . . . . . . . . . . . . . . . . Kills 4 | . . . . . 2 . . . . . . . . . . . . 2 . . . . . . . . . . . . . . . . . . . . . Allies Corrupted 2 | . . . . . . . . . . . . . . . . . . 2 . . . . . . . . . . . . . . . . . . . . . Allies Melted . | . . . . . . . . . . . . . . . . . . . . . . . . . . . . . . . . . . . . . . . . Intel | -11 -10 -10 -10 -8 -8 -8 -8 -8 -7 -7 -7 -7 -7 -7 -6 -6 -6 -6 -6 -6 -6 -5 -5 -5 -5 -5 -5 -5 -4 -4 -4 -4 -4 -3 -3 -3 -3 -2 -1 ------- Run | Yrd Mat Min Sub Mat Gar Mat Gar Mat Fac Was Fac Low Low Dat Pro Fac Was Fac Low Low Zio Pro Fac Was Fac Upp Upp War Pro Fac Upp Upp Zhi Pro Res Qua Sec Res Acc Robot Analysis Total 92 | . 4 . . 10 3 . . . 5 . 3 . . . . 9 . 1 . . . . 4 . 9 . . . . 9 . . 4 . 10 3 13 5 . Derelict Logs Recovered 21 | . . 1 2 . . . . . . . . 2 . . 1 . . . 2 2 2 1 . . . 1 1 . 2 . 1 3 . . . . . . . Drone Launches . | . . . . . . . . . . . . . . . . . . . . . . . . . . . . . . . . . . . . . . . . Drone Recoveries . | . . . . . . . . . . . . . . . . . . . . . . . . . . . . . . . . . . . . . . . . Exploration | -11 -10 -10 -10 -8 -8 -8 -8 -8 -7 -7 -7 -7 -7 -7 -6 -6 -6 -6 -6 -6 -6 -5 -5 -5 -5 -5 -5 -5 -4 -4 -4 -4 -4 -3 -3 -3 -3 -2 -1 ------------- Run | Yrd Mat Min Sub Mat Gar Mat Gar Mat Fac Was Fac Low Low Dat Pro Fac Was Fac Low Low Zio Pro Fac Was Fac Upp Upp War Pro Fac Upp Upp Zhi Pro Res Qua Sec Res Acc Turns Passed 59752 | 3614 1633 461 923 820 447 855 557 1129 3246 61 7282 339 377 104 391 6830 105 5941 417 355 1069 489 1608 112 8735 483 364 1159 456 1305 361 356 50 383 4113 662 1622 328 210 Spaces Moved 67156 | 558 1584 721 1805 1198 729 1353 867 2066 4548 121 5034 1187 1146 149 1296 4313 342 4958 1473 1153 1070 1293 1796 324 5594 1127 1353 1314 1269 2481 1277 1287 196 1399 3855 1237 2212 902 569 Core 791 | 558 192 . . . . . . . . . . . . . . . . . . . . . 4 . . . . . . 36 . . . . 1 . . . . Treads . | . . . . . . . . . . . . . . . . . . . . . . . . . . . . . . . . . . . . . . . . Legs . | . . . . . . . . . . . . . . . . . . . . . . . . . . . . . . . . . . . . . . . . Wheels . | . . . . . . . . . . . . . . . . . . . . . . . . . . . . . . . . . . . . . . . . Hover . | . . . . . . . . . . . . . . . . . . . . . . . . . . . . . . . . . . . . . . . . Flight 66363 | . 1392 721 1805 1198 729 1353 867 2066 4548 121 5034 1187 1146 149 1296 4313 342 4958 1473 1153 1070 1293 1792 324 5594 1127 1353 1314 1269 2445 1277 1287 196 1399 3854 1237 2210 902 569 Fastest Speed 18 | 50 31 31 31 24 24 23 23 23 23 26 26 26 26 26 26 26 26 24 24 24 24 24 23 23 23 23 23 23 23 18 18 20 20 20 20 20 20 20 20 Average Speed 24 | 96 41 31 31 26 24 23 23 23 24 26 26 26 26 26 26 26 26 24 24 24 24 24 24 23 23 23 23 23 23 23 19 20 20 20 20 20 20 20 20 Slowest Speed 200 | 100 117 111 31 31 24 24 23 23 26 26 26 26 26 26 26 27 26 27 24 24 24 24 200 23 26 23 23 23 23 150 20 20 20 20 150 85 83 86 20 Overloaded Moves 55 | . . . . . . . . . . . . . . . . . . . . . . . . . . . . . . 51 4 . . . . . . . . Propulsion Burnouts . | . . . . . . . . . . . . . . . . . . . . . . . . . . . . . . . . . . . . . . . . Robots Hopped 808 | . 10 9 2 20 . 21 . 48 78 6 75 . 2 . 2 77 . 52 5 11 . 2 57 . 80 2 2 4 1 32 . . . . 119 31 38 9 13 Cave-ins Triggered 1 | . . . . . . . . . . . . . . . . . . . . . . . . . . . . . . 1 . . . . . . . . . Teleports 2 | . . . . . . . . . . . . . . . . . . . . . . . . . . . . . . . . . 1 . . 1 . . . Spacefolds 1 | . . . . . . . . . . . . . . . . . . . . . . . . . . . . . . . . . . . . . 1 . . Exploration Rate (%) 87 | 70 99 99 92 91 97 99 88 99 99 70 99 99 99 78 99 68 96 92 99 99 87 99 47 96 99 99 99 95 99 64 99 99 61 99 98 97 95 34 16 Regions Visited 39 Branch Regions 20 Pre-discovered Areas 50 | . 2 . 1 2 . 2 . 2 6 . 5 1 . 1 . 4 . 6 . . . . 4 . 5 . . . 1 2 1 1 3 . 1 . . . . Known Exits Taken 15 | . 1 . . 1 . 1 . 1 . . 1 . . . 1 . . 1 . . . 1 . . 1 . 1 . 1 1 . . . . 1 . 1 1 . Unknown Exits Taken 16 | 1 . 1 1 . . . . . . . . 1 1 1 . . . . 1 1 1 . . . . 1 . 1 . . 1 1 1 1 . 1 . . . Scrap Searched 58 | . . 1 8 . . . . . . . . 4 4 . 4 . . . 4 9 3 3 . . . 5 3 . 2 . 1 4 . 3 . . . . . Spaces Dug 90 | . . . . . . . . . . . 3 . . . . 6 . 65 . . . . 4 . 1 . . . . . 4 . . . 6 . . 1 . Terrain Destroyed 3477 | . 88 32 . 97 75 192 . 130 35 . 328 3 5 . 7 364 . 832 11 16 10 21 105 5 251 15 10 108 60 264 7 7 . 39 120 102 94 29 15 Melee . | . . . . . . . . . . . . . . . . . . . . . . . . . . . . . . . . . . . . . . . . Projectile 943 | . . . . . . . . . 10 . 31 3 5 . 7 91 . 117 11 16 10 21 64 5 108 15 10 57 32 48 7 7 . 29 95 34 70 29 11 AOE 2534 | . 88 32 . 97 75 192 . 130 25 . 297 . . . . 273 . 715 . . . . 41 . 143 . . 51 28 216 . . . 10 25 68 24 . 4 Terrain Rammed . | . . . . . . . . . . . . . . . . . . . . . . . . . . . . . . . . . . . . . . . . Walls Destroyed . | . . . . . . . . . . . . . . . . . . . . . . . . . . . . . . . . . . . . . . . . Machines Disabled . | . . . . . . . . . . . . . . . . . . . . . . . . . . . . . . . . . . . . . . . . Actions | -11 -10 -10 -10 -8 -8 -8 -8 -8 -7 -7 -7 -7 -7 -7 -6 -6 -6 -6 -6 -6 -6 -5 -5 -5 -5 -5 -5 -5 -4 -4 -4 -4 -4 -3 -3 -3 -3 -2 -1 --------- Run | Yrd Mat Min Sub Mat Gar Mat Gar Mat Fac Was Fac Low Low Dat Pro Fac Was Fac Low Low Zio Pro Fac Was Fac Upp Upp War Pro Fac Upp Upp Zhi Pro Res Qua Sec Res Acc Total 103662 | 3594 2278 877 2017 1406 876 1567 1024 2363 6148 126 10440 1200 1180 192 1326 9572 358 9070 1499 1175 1851 1392 2699 343 12597 1321 1376 1966 1357 2930 1360 1350 205 1458 6840 1514 3175 1006 634 Wait 30919 | 3011 444 107 98 30 49 34 9 169 1260 . 5053 1 5 4 3 4894 . 3577 . 4 745 14 689 2 6689 165 . 387 3 90 9 10 . 5 2691 17 605 . 46 Move 65574 | 557 1564 702 1800 1158 728 1311 866 1978 4395 110 4890 1186 1142 148 1291 4164 341 4860 1462 1131 1069 1288 1688 323 5440 1122 1348 1307 1266 2416 1276 1286 195 1398 3628 1177 2134 884 545 Hop 734 | . 9 9 2 19 . 20 . 39 75 4 68 . 1 . 2 71 . 45 5 10 . 2 51 . 73 2 2 2 1 31 . . . . 107 28 38 8 10 Pick Up 4 | . . . . . . . . . . . . . . . . . . . . . . . . . . . . . . . . . . . . 1 3 . . Fast Attach 531 | 6 22 4 1 16 5 9 8 1 39 . 14 . . 7 2 18 7 18 . . 8 2 27 4 17 6 . 18 2 17 11 5 5 6 41 76 72 35 2 Attach 7 | . . . . . . . . . . . . . . . . . . . . . . . . . . . . . . . . . . . . 1 6 . . Detach 66 | . 1 . . 1 . 5 1 . 8 . 2 . . 2 . 4 . . . . 3 . 3 1 2 . . 2 . . 1 . 1 . 2 6 18 3 . Swap 82 | . 15 2 . 6 . 7 3 3 9 . 1 . . 1 . 9 1 4 . . . . 1 . 4 . . . . 2 . 1 1 . 6 2 3 . 1 Drop 509 | 1 33 5 1 17 4 14 8 7 42 . 13 . . 6 2 24 8 19 . . 4 2 24 3 9 6 . 16 2 18 10 6 3 6 41 67 54 31 3 Fire 3310 | 19 145 34 93 120 53 131 83 130 217 9 281 8 21 12 11 258 . 358 19 26 18 45 139 10 224 15 15 79 39 217 17 25 . 27 170 76 130 23 13 Melee 11 | . 11 . . . . . . . . . . . . . . . . . . . . . . . . . . . . . . . . . . . . . . Ram . | . . . . . . . . . . . . . . . . . . . . . . . . . . . . . . . . . . . . . . . . Kick . | . . . . . . . . . . . . . . . . . . . . . . . . . . . . . . . . . . . . . . . . Crush . | . . . . . . . . . . . . . . . . . . . . . . . . . . . . . . . . . . . . . . . . Escape Stasis 201 | . . . . . 17 . 14 . 18 . 18 . . . . 19 . 18 . . . . 18 . 48 . . . . 1 . . . . 30 . . . . Rewire . | . . . . . . . . . . . . . . . . . . . . . . . . . . . . . . . . . . . . . . . . Trap . | . . . . . . . . . . . . . . . . . . . . . . . . . . . . . . . . . . . . . . . . Miscellaneous 1714 | . 34 14 22 39 20 36 32 36 85 3 100 5 11 12 15 111 1 171 13 4 4 39 59 . 91 5 11 155 44 138 36 17 . 16 124 63 112 22 14 Route ------- -11/Scrapyard -10/Materials (discovered 5 exits: *Mat x3 / *Min / *Sub) -10/Mines (discovered 4 exits: *Mat x2 / [*Exi] / *Sub) -10/Subcaves (discovered 3 exits: *Mat x2 / [*Rec]) -8/Materials (discovered 4 exits: *Fac x3 / Gar) -8/Garrison (discovered 3 exits: *Mat x3) -8/Materials (discovered 4 exits: *Fac x3 / Gar) -8/Garrison (discovered 4 exits: *Mat x4) -8/Materials (discovered 3 exits: *Fac x3) -7/Factory (discovered 7 exits: *Fac x4 / *Sto / *Low x2) -7/Waste -7/Factory (discovered 9 exits: *Fac x4 / *Sto x2 / *Low x2 / Gar) -7/Lower Caves -7/Lower Caves (discovered 2 exits: *Fac / *Dat) -7/Data Miner -6/Proximity Caves -6/Factory (discovered 6 exits: *Fac x4 / *Low x2) -6/Waste -6/Factory (discovered 6 exits: *Fac x4 / *Low x2) -6/Lower Caves -6/Lower Caves (discovered 2 exits: *Fac / *Zio) -6/Zion (discovered 2 exits: Dee / [*Pro]) -5/Proximity Caves -5/Factory (discovered 8 exits: *Fac x4 / *Upp x2 / *Ext x2) -5/Waste -5/Factory (discovered 8 exits: *Fac x4 / *Upp x2 / *Ext x2) -5/Upper Caves -5/Upper Caves (discovered 2 exits: *Fac / *War) -5/Warlord -4/Proximity Caves -4/Factory (discovered 4 exits: *Res x2 / *Upp x2) -4/Upper Caves -4/Upper Caves (discovered 2 exits: *Res / *Zhi) -4/Zhirov -3/Proximity Caves -3/Research (discovered 6 exits: *Res x3 / *Arm / *Qua x2) -3/Quarantine (discovered 2 exits: *Res / *Sec) -3/Section 7 -2/Research (discovered 5 exits: *Acc x3 / *Tes x2) -1/Access (discovered 2 exits: *Sur / Gar) To Fleet Rendezvous History --------- Turn | Location | Event 7 | -11/Scrapyard | Discovered new exit (range 15) 219 | -11/Scrapyard | Upgraded with Weapon slot (x1) 2272 | -11/Scrapyard | Upgraded with Weapon slot (x1) 3485 | -11/Scrapyard | Assembled infested the area 3615 | -11/Scrapyard | Entered Materials 3616 | -10/Materials | Build established: Gunner 3864 | -10/Materials | Core integrity fell below 50% 3881 | -10/Materials | Reached level 2 3888 | -10/Materials | Upgraded with Propulsion slot (x1) 3897 | -10/Materials | Upgraded with Utility slot (x1) 3936 | -10/Materials | Discovered new exit (range 14) 4102 | -10/Materials | Discovered new exit (range 16) 4199 | -10/Materials | Central database locked down 4227 | -10/Materials | Build established: Hacker-Gunner 4480 | -10/Materials | Reached level 3 4483 | -10/Materials | Upgraded with Propulsion slot (x1) 4529 | -10/Materials | Destroyed 8 combat bots 4586 | -10/Materials | Identified exit to Mines 4586 | -10/Materials | Identified exit to Materials 4745 | -10/Materials | Reached level 4 4748 | -10/Materials | Upgraded with Propulsion slot (x1) 4748 | -10/Materials | Upgraded with Utility slot (x1) 5040 | -10/Materials | Reached level 5 5055 | -10/Materials | Upgraded with Weapon slot (x1) 5077 | -10/Materials | Build established: Hacker-Sprinter 5202 | -10/Materials | Discovered new exit (range 12) 5248 | -10/Materials | Entered Mines 5277 | -10/Mines | Reached level 6 5313 | -10/Mines | Upgraded with Utility slot (x1) 5351 | -10/Mines | Found DCF Scrap (10 items) 5395 | -10/Mines | Discovered exit to Materials (range 8) 5439 | -10/Mines | Deemed a non-threat by the Exiles lab entrance 5439 | -10/Mines | Discovered new exit (range 5) 5484 | -10/Mines | Received a Mining Laser from a helpful Derelict 5598 | -10/Mines | Discovered exit to Materials (range 5) 5694 | -10/Mines | Discovered new exit (range 3) 5709 | -10/Mines | Entered Subcaves 5711 | -10/Subcaves | Reached level 7 5720 | -10/Subcaves | Learned Materials stockpile data 5730 | -10/Subcaves | A swath of the cavern ceiling suddenly collapsed 5755 | -10/Subcaves | Discovered new exit (range 16) 5757 | -10/Subcaves | Shifting Twisted Machinery released Flamer 5760 | -10/Subcaves | Shifting Twisted Machinery released Sub. Laser 5797 | -10/Subcaves | Discovered new exit (range 14) 6094 | -10/Subcaves | Visited 4L-MR0's lab 6110 | -10/Subcaves | Learned location of Zion (-6) 6148 | -10/Subcaves | Shifting Twisted Machinery released Humpback 6183 | -10/Subcaves | Discovered new exit (range 5) 6308 | -10/Subcaves | A swath of the cavern ceiling suddenly collapsed 6365 | -10/Subcaves | Ambushed by Subdwellers from Twisted Machinery 6443 | -10/Subcaves | Shifting Twisted Machinery released Mak. Leg 6459 | -10/Subcaves | Shifting Twisted Machinery released Sub. Machine Gun 6632 | -10/Subcaves | Entered Materials 6634 | -8/Materials | Reached level 8 6697 | -8/Materials | Upgraded with Power slot (x1) 6746 | -8/Materials | Garrison activated, responded to threat 6777 | -8/Materials | Reached level 9 6780 | -8/Materials | Upgraded with Utility slot (x1) 6821 | -8/Materials | Identified exit to Garrison 6822 | -8/Materials | Destroyed 9 combat bots 6886 | -8/Materials | Reached level 10 6939 | -8/Materials | Destroyed 12 combat bots 6984 | -8/Materials | Reached level 11 7036 | -8/Materials | Discovered new exit (range 9) 7095 | -8/Materials | Garrison activated, responded to threat 7140 | -8/Materials | Destroyed 7 combat bots 7156 | -8/Materials | Reached level 12 7218 | -8/Materials | Discovered new exit (range 16) 7253 | -8/Materials | Upgraded with Propulsion slot (x1) 7256 | -8/Materials | Destroyed 7 combat bots 7310 | -8/Materials | Sterilization system engaged 7310 | -8/Materials | Non-combat units ordered to evacuate 7327 | -8/Materials | Reached level 13 7377 | -8/Materials | Discovered new exit (range 15) 7410 | -8/Materials | Combat units ordered to evacuate 7452 | -8/Materials | Entered Garrison 7516 | -8/Garrison | Phase Generator disabled 7530 | -8/Garrison | Garrison Relay disabled 7533 | -8/Garrison | Garrison Relay disabled 7550 | -8/Garrison | Triggered checkpoint 7570 | -8/Garrison | Triggered checkpoint 7595 | -8/Garrison | Upgraded with Utility slot (x1) 7611 | -8/Garrison | Discovered new exit (range 10) 7619 | -8/Garrison | Central database locked down 7619 | -8/Garrison | Discovered new exit (range 4) 7619 | -8/Garrison | Discovered new exit (range 66) 7619 | -8/Garrison | Discovered new exit (range 78) 7619 | -8/Garrison | Identified exit to Materials 7630 | -8/Garrison | Reached level 14 7662 | -8/Garrison | Triggered checkpoint 7663 | -8/Garrison | Garrison Relay disabled 7672 | -8/Garrison | Destroyed 16 combat bots 7728 | -8/Garrison | Triggered checkpoint 7738 | -8/Garrison | Garrison Relay disabled 7753 | -8/Garrison | Destroyed 8 combat bots 7811 | -8/Garrison | Rescued a captive Derelict 7813 | -8/Garrison | Rescued a captive Derelict 7847 | -8/Garrison | Garrison Relay disabled 7848 | -8/Garrison | Triggered checkpoint 7899 | -8/Garrison | Entered Materials 7899 | -8/Materials | Accompanied by 1 ally 8037 | -8/Materials | Destroyed 8 combat bots 8151 | -8/Materials | Identified exit to Factory 8226 | -8/Materials | Reached level 15 8230 | -8/Materials | Upgraded with Utility slot (x1) 8256 | -8/Materials | Garrison activated, responded to threat 8277 | -8/Materials | Identified exit to Garrison 8299 | -8/Materials | First assault squad dispatched 8456 | -8/Materials | Destroyed 8 combat bots 8473 | -8/Materials | Build established: Wizard-Sprinter 8651 | -8/Materials | Sterilization system engaged 8651 | -8/Materials | Non-combat units ordered to evacuate 8751 | -8/Materials | Combat units ordered to evacuate 8754 | -8/Materials | Entered Garrison 8790 | -8/Garrison | Triggered checkpoint 8800 | -8/Garrison | Garrison Relay disabled 8841 | -8/Garrison | Discovered new exit (range 13) 8851 | -8/Garrison | Garrison Relay disabled 8953 | -8/Garrison | Discovered new exit (range 3) 9018 | -8/Garrison | Triggered checkpoint 9023 | -8/Garrison | Reached level 16 9027 | -8/Garrison | Upgraded with Weapon slot (x1) 9080 | -8/Garrison | Destroyed 21 combat bots 9127 | -8/Garrison | Discovered new exit (range 10) 9134 | -8/Garrison | Triggered checkpoint 9152 | -8/Garrison | Garrison Relay disabled 9194 | -8/Garrison | Spotted B-75 Beast 9205 | -8/Garrison | Destroyed B-75 Beast 9228 | -8/Garrison | Identified exit to Materials 9278 | -8/Garrison | Triggered checkpoint 9285 | -8/Garrison | Garrison Relay disabled 9289 | -8/Garrison | Learned Materials security intel 9289 | -8/Garrison | Phase Generator disabled 9306 | -8/Garrison | Discovered exit to Materials (range 14) 9311 | -8/Garrison | Entered Materials 9468 | -8/Materials | Garrison activated, responded to threat 9536 | -8/Materials | Central database locked down 9944 | -8/Materials | Discovered exit to Factory (range 6) 10027 | -8/Materials | Discovered exit to Factory (range 4) 10103 | -8/Materials | Discovered exit to Factory (range 6) 10111 | -8/Materials | First assault squad dispatched 10255 | -8/Materials | Sterilization system engaged 10255 | -8/Materials | Non-combat units ordered to evacuate 10273 | -8/Materials | Destroyed 18 combat bots 10332 | -8/Materials | Destroyed 7 combat bots 10355 | -8/Materials | Combat units ordered to evacuate 10396 | -8/Materials | Reached level 17 10440 | -8/Materials | Entered Factory 10441 | -7/Factory | Identified exit to Storage 10452 | -7/Factory | Central database locked down 10491 | -7/Factory | Garrison activated, responded to threat 10516 | -7/Factory | Destroyed 7 combat bots 10603 | -7/Factory | Discovered new exit (range 4) 10704 | -7/Factory | Fabricated Adv. Hacking Suite (x1) 10783 | -7/Factory | Identified exit to Factory 10948 | -7/Factory | Identified exit to Lower Caves 11077 | -7/Factory | Reached level 18 11077 | -7/Factory | Upgraded with Utility slot (x1) 11115 | -7/Factory | Fabricated Biomechanical Wings? 11167 | -7/Factory | Destroyed 7 combat bots 11211 | -7/Factory | Fabricated Biomechanical Wings (x1) 11811 | -7/Factory | Fabricated Biomechanical Wings? 12019 | -7/Factory | Destroyed 7 combat bots 12071 | -7/Factory | Cargo convoy interrupted 12126 | -7/Factory | Destroyed 7 combat bots 12138 | -7/Factory | Found Prototype Energy Cannon 12138 | -7/Factory | Identified Exp. Thermic Cannon 12207 | -7/Factory | Fabricated Imp. Weapon Cycler? 12446 | -7/Factory | Reached level 19 12882 | -7/Factory | First assault squad dispatched 12890 | -7/Factory | Destroyed 10 combat bots 13679 | -7/Factory | High security lockdown imminent 13686 | -7/Factory | Manually triggered Chute Trap 13686 | -7/Factory | Sucked down chute 13686 | -7/Factory | Entered Waste 13689 | -7/Waste | Spotted C-40 Crusher 13691 | -7/Waste | Spotted C-40 Crusher 13692 | -7/Waste | Spotted C-40 Crusher 13699 | -7/Waste | Spotted C-40 Crusher 13699 | -7/Waste | Spotted C-40 Crusher 13701 | -7/Waste | EMP discharged 13703 | -7/Waste | Discovered new exit (range 10) 13713 | -7/Waste | Destroyed C-40 Crusher 13731 | -7/Waste | Crushed by Compactor (2 parts destroyed) 13731 | -7/Waste | Destroyed C-40 Crusher 13747 | -7/Waste | Entered Factory 13784 | -7/Factory | Discovered exit to Storage (range 10) 13934 | -7/Factory | Discovered exit to Storage (range 16) 14042 | -7/Factory | Identified exit to Garrison 14165 | -7/Factory | Central database locked down 14390 | -7/Factory | Destroyed 9 combat bots 14547 | -7/Factory | First assault squad dispatched 14611 | -7/Factory | Reached level 20 14697 | -7/Factory | Destroyed 14 combat bots 14911 | -7/Factory | Cargo convoy interrupted 14952 | -7/Factory | Found Prototype Device 14952 | -7/Factory | Identified Adv. EM Disruption Field 18763 | -7/Factory | Destroyed 7 combat bots 19046 | -7/Factory | Found Prototype Device 19046 | -7/Factory | Identified Active Sensor Suite 20359 | -7/Factory | Destroyed 7 combat bots 20486 | -7/Factory | Destroyed 8 combat bots 20612 | -7/Factory | Sterilization system engaged 20612 | -7/Factory | Non-combat units ordered to evacuate 20712 | -7/Factory | Combat units ordered to evacuate 20912 | -7/Factory | Ambient heat levels rising (+10) 21029 | -7/Factory | Entered Lower Caves 21049 | -7/Lower Caves | Met a Warlord Commander 21050 | -7/Lower Caves | Learned location of Warlord (-5) 21051 | -7/Lower Caves | Warlord Commander delivered Encrypted Comm Array 21063 | -7/Lower Caves | Learned location of 1 exit from Factory 21190 | -7/Lower Caves | Learned Factory terminal intel 21199 | -7/Lower Caves | Discovered new exit (range 15) 21368 | -7/Lower Caves | Entered another Lower Caves area 21425 | -7/Lower Caves | Discovered exit to Factory (range 16) 21427 | -7/Lower Caves | Destroyed 9 combat bots 21481 | -7/Lower Caves | Destroyed 7 combat bots 21523 | -7/Lower Caves | Discovered new exit (range 6) 21577 | -7/Lower Caves | Encountered a Warlord checkpoint 21718 | -7/Lower Caves | Attracted the attention of an 0b10 checkpoint 21745 | -7/Lower Caves | Entered Data Miner 21745 | -7/Data Miner | Discovered new exit (range 7) 21750 | -7/Data Miner | Met Data Miner 21757 | -7/Data Miner | Acquired the access code to Warlord's prototype stash 21757 | -7/Data Miner | Learned location of Section 7 (-3) 21759 | -7/Data Miner | Received God Mode back door access code from Data Miner 21764 | -7/Data Miner | Destroyed Data Miner 21770 | -7/Data Miner | Data Conduit disabled 21792 | -7/Data Miner | Core integrity fell below 50% 21824 | -7/Data Miner | Found Prototype Device 21824 | -7/Data Miner | Identified Exp. Thermal Shield 21832 | -7/Data Miner | Found Prototype Hackware 21832 | -7/Data Miner | Identified Quantum Router 21835 | -7/Data Miner | Found Prototype Hackware 21835 | -7/Data Miner | Identified Deep Network Scanner 21849 | -7/Data Miner | Entered Proximity Caves 21851 | -6/Proximity Caves | Reached level 21 21948 | -6/Proximity Caves | Destroyed 7 combat bots 21971 | -6/Proximity Caves | Learned 8 Factory zone layouts 22044 | -6/Proximity Caves | Discovered exit to Factory (range 12) 22240 | -6/Proximity Caves | Entered Factory 22241 | -6/Factory | Identified exit to Lower Caves 22243 | -6/Factory | Loaded intel: 25 terminal locations 22354 | -6/Factory | Upgraded with Utility slot (x1) 22434 | -6/Factory | Identified exit to Factory 23161 | -6/Factory | Destroyed 8 combat bots 23199 | -6/Factory | Garrison activated, responded to threat 23203 | -6/Factory | Cargo convoy interrupted 23265 | -6/Factory | Reached level 22 23290 | -6/Factory | First assault squad dispatched 23290 | -6/Factory | Destroyed 8 combat bots 23422 | -6/Factory | Fabricated Wave Gun? 23439 | -6/Factory | Core integrity fell below 50% 23460 | -6/Factory | Destroyed 10 combat bots 23535 | -6/Factory | Fabricated Wave Gun? 23618 | -6/Factory | Destroyed 12 combat bots 23688 | -6/Factory | Destroyed 8 combat bots 23722 | -6/Factory | Central database locked down 23882 | -6/Factory | Destroyed 7 combat bots 27703 | -6/Factory | Fabricated Adv. Cooling System? 27906 | -6/Factory | Spotted B-75 Beast 27993 | -6/Factory | Reached level 23 27993 | -6/Factory | Upgraded with Power slot (x1) 28098 | -6/Factory | Destroyed B-75 Beast 29042 | -6/Factory | Sterilization system engaged 29042 | -6/Factory | Non-combat units ordered to evacuate 29070 | -6/Factory | Manually triggered Chute Trap 29070 | -6/Factory | Sucked down chute 29070 | -6/Factory | Entered Waste 29070 | -6/Waste | The area was eerily silent 29164 | -6/Waste | Discovered new exit (range 13) 29175 | -6/Waste | Entered Factory 29314 | -6/Factory | Spotted B-75 Beast 29327 | -6/Factory | Destroyed B-75 Beast 29389 | -6/Factory | Destroyed 12 combat bots 29699 | -6/Factory | Allied Derelicts emerged from ambush trap array 30245 | -6/Factory | Cargo convoy interrupted 30286 | -6/Factory | Found Prototype Launcher 30286 | -6/Factory | Identified Adv. Micro-nuke Launcher 30300 | -6/Factory | Found Prototype Device 30300 | -6/Factory | Identified Exp. ECM Suite 32325 | -6/Factory | First assault squad dispatched 33585 | -6/Factory | Destroyed 12 combat bots 33970 | -6/Factory | Fabricated Imp. Corruption Screen (x2) 34213 | -6/Factory | Reached level 24 34556 | -6/Factory | High security lockdown imminent 34626 | -6/Factory | Garrison activated, responded to threat 34636 | -6/Factory | High security lockdown engaged 34784 | -6/Factory | Sterilization system engaged 34784 | -6/Factory | Non-combat units ordered to evacuate 34830 | -6/Factory | Core integrity fell below 20% 34860 | -6/Factory | Destroyed 29 combat bots 34884 | -6/Factory | Combat units ordered to evacuate 34937 | -6/Factory | Destroyed 15 combat bots 35084 | -6/Factory | Ambient heat levels rising (+10) 35116 | -6/Factory | Entered Lower Caves 35152 | -6/Lower Caves | Encountered a Warlord checkpoint 35189 | -6/Lower Caves | Learned Factory non-interactive machine intel 35240 | -6/Lower Caves | Attracted the attention of an 0b10 checkpoint 35244 | -6/Lower Caves | Discovered new exit (range 5) 35294 | -6/Lower Caves | Learned 8 Research zone layouts 35294 | -6/Lower Caves | Learned Factory stockpile data 35294 | -6/Lower Caves | Learned Extension stockpile data 35294 | -6/Lower Caves | Learned Armory garrison access intel 35313 | -6/Lower Caves | Attacked by a delusional Derelict stockpiling Unaware 35435 | -6/Lower Caves | Learned Factory terminal intel 35533 | -6/Lower Caves | Entered another Lower Caves area 35538 | -6/Lower Caves | Discovered exit to Factory (range 12) 35596 | -6/Lower Caves | Learned 4 Factory zone layouts 35668 | -6/Lower Caves | Destroyed 9 combat bots 35671 | -6/Lower Caves | Attracted the attention of an 0b10 checkpoint 35679 | -6/Lower Caves | Discovered new exit (range 14) 35709 | -6/Lower Caves | Spotted B-75 Beast 35720 | -6/Lower Caves | Destroyed B-75 Beast 35888 | -6/Lower Caves | Entered Zion 35910 | -6/Zion | Discovered new exit (range 9) 35924 | -6/Zion | Received a hallucinogenic algorithm 35957 | -6/Zion | Identified exit to Deep Caves 36042 | -6/Zion | Learned location of 1 exit from Factory 36047 | -6/Zion | Learned Factory emergency access door positions 36053 | -6/Zion | Met Imprinter 36139 | -6/Zion | Found Prototype Device 36139 | -6/Zion | Identified Bomb Factory No. 2 36175 | -6/Zion | Attacked by Zionites 36909 | -6/Zion | Spotted SN-KZ1(B) 36915 | -6/Zion | Destroyed SN-KZ1(B) 36919 | -6/Zion | Spotted 5J-FDG(B) 36924 | -6/Zion | Destroyed 5J-FDG(B) 36957 | -6/Zion | Entered Proximity Caves 36977 | -5/Proximity Caves | Spotter reported a threat 37070 | -5/Proximity Caves | Spotted B-75 Beast 37081 | -5/Proximity Caves | Destroyed B-75 Beast 37167 | -5/Proximity Caves | Discovered exit to Factory (range 7) 37170 | -5/Proximity Caves | Attracted the attention of an 0b10 outpost 37276 | -5/Proximity Caves | Destroyed 16 combat bots 37285 | -5/Proximity Caves | Attracted the attention of an 0b10 checkpoint 37342 | -5/Proximity Caves | Ambushed by research squad 37446 | -5/Proximity Caves | Entered Factory 37447 | -5/Factory | Identified exit to Extension 37448 | -5/Factory | Reached level 25 37451 | -5/Factory | Loaded intel: 206 non-interactive machine locations 37452 | -5/Factory | Loaded intel: 28 terminal locations 37471 | -5/Factory | Central database locked down 37595 | -5/Factory | Upgraded with Utility slot (x1) 38280 | -5/Factory | Fabricated Adv. Reaction Control System? 38346 | -5/Factory | First assault squad dispatched 38398 | -5/Factory | Discovered exit to Extension (range 6) 38408 | -5/Factory | Discovered new exit (range 9) 38504 | -5/Factory | Cargo convoy interrupted 38569 | -5/Factory | Found Prototype Device 38569 | -5/Factory | Identified Exp. Cloaking Device 38571 | -5/Factory | Found Prototype Device 38571 | -5/Factory | Identified Adv. Kinecellerator 38626 | -5/Factory | Identified exit to Upper Caves 38626 | -5/Factory | Identified exit to Factory 38829 | -5/Factory | Destroyed 9 combat bots 38885 | -5/Factory | Core integrity fell below 50% 38919 | -5/Factory | Reached level 26 38946 | -5/Factory | Destroyed 15 combat bots 39024 | -5/Factory | High security lockdown imminent 39048 | -5/Factory | Destroyed 14 combat bots 39054 | -5/Factory | Manually triggered Chute Trap 39054 | -5/Factory | Sucked down chute 39054 | -5/Factory | Entered Waste 39059 | -5/Waste | Spotted C-40 Crusher 39060 | -5/Waste | Spotted C-40 Crusher 39062 | -5/Waste | Spotted C-40 Crusher 39062 | -5/Waste | Spotted C-40 Crusher 39069 | -5/Waste | Spotted C-40 Crusher 39069 | -5/Waste | Destroyed C-40 Crusher 39075 | -5/Waste | Destroyed C-40 Crusher 39078 | -5/Waste | Destroyed C-40 Crusher 39084 | -5/Waste | Destroyed C-40 Crusher 39090 | -5/Waste | Destroyed C-40 Crusher 39090 | -5/Waste | Spotted C-40 Crusher 39098 | -5/Waste | Destroyed C-40 Crusher 39138 | -5/Waste | Warlord forces began an assault 39164 | -5/Waste | Discovered new exit (range 10) 39166 | -5/Waste | Entered Factory 39223 | -5/Factory | Spotted B-75 Beast 39226 | -5/Factory | Destroyed B-75 Beast 40066 | -5/Factory | First assault squad dispatched 41046 | -5/Factory | Discovered exit to Factory (range 3) 42840 | -5/Factory | Discovered exit to Factory (range 8) 43004 | -5/Factory | Discovered exit to Factory (range 11) 43064 | -5/Factory | Destroyed 12 combat bots 45207 | -5/Factory | Central database locked down 45474 | -5/Factory | Destroyed 7 combat bots 45562 | -5/Factory | Fabricated Exp. Cooling System? 45667 | -5/Factory | Reached level 27 45767 | -5/Factory | Destroyed 9 combat bots 45881 | -5/Factory | Fabricated Adv. Corruption Screen? 47689 | -5/Factory | Sterilization system engaged 47689 | -5/Factory | Non-combat units ordered to evacuate 47789 | -5/Factory | Combat units ordered to evacuate 47901 | -5/Factory | Entered Upper Caves 47931 | -5/Upper Caves | Learned Factory garrison access intel 48014 | -5/Upper Caves | Discovered new exit (range 3) 48136 | -5/Upper Caves | Learned Extension security intel 48136 | -5/Upper Caves | Learned Research garrison access intel 48137 | -5/Upper Caves | A Commander dispatched an escort 48384 | -5/Upper Caves | Entered another Upper Caves area 48384 | -5/Upper Caves | Accompanied by 2 allies 48385 | -5/Upper Caves | Commander's escort returned to base 48385 | -5/Upper Caves | Commander's escort returned to base 48385 | -5/Upper Caves | Identified exit to Warlord 48402 | -5/Upper Caves | Discovered exit to Factory (range 6) 48410 | -5/Upper Caves | Attracted the attention of an 0b10 outpost 48450 | -5/Upper Caves | Destroyed 10 combat bots 48542 | -5/Upper Caves | Spotted B-75 Beast 48545 | -5/Upper Caves | Destroyed B-75 Beast 48548 | -5/Upper Caves | Learned Factory garrison access intel 48579 | -5/Upper Caves | Attracted the attention of an 0b10 checkpoint 48648 | -5/Upper Caves | Encountered a Warlord checkpoint 48748 | -5/Upper Caves | Entered Warlord 48785 | -5/Warlord | Met Warlord 48787 | -5/Warlord | Opened Warlord's prototype stash 48789 | -5/Warlord | Found Prototype Processor 48789 | -5/Warlord | Identified Exp. Target Analyzer 48810 | -5/Warlord | Warlord's base attacked by MAIN.C 48826 | -5/Warlord | Found Prototype Launcher 48826 | -5/Warlord | Identified Vortex Catalyst Activator 48829 | -5/Warlord | Found Prototype Energy Gun 48829 | -5/Warlord | Identified Vortex Rifle 48830 | -5/Warlord | Found Vortex Rifle 48833 | -5/Warlord | Found Vortex Rifle 48836 | -5/Warlord | Found Vortex Rifle 48918 | -5/Warlord | Spotted B-75 Beast 48926 | -5/Warlord | Destroyed B-75 Beast 48929 | -5/Warlord | Spotted B-86 Titan 48933 | -5/Warlord | Destroyed B-86 Titan 48993 | -5/Warlord | Destroyed 11 combat bots 49093 | -5/Warlord | Discovered new exit (range 14) 49102 | -5/Warlord | Destroyed 12 combat bots 49110 | -5/Warlord | Spotted Executioner 49110 | -5/Warlord | Spotted Striker 49110 | -5/Warlord | Spotted Striker 49120 | -5/Warlord | Destroyed Striker 49127 | -5/Warlord | Destroyed Striker 49148 | -5/Warlord | Warlord forces counterattacked 49162 | -5/Warlord | Destroyed 9 combat bots 49229 | -5/Warlord | Lost 5 allies 49254 | -5/Warlord | Spotted Striker 49255 | -5/Warlord | Destroyed Striker 49324 | -5/Warlord | Lost 29 allies 49355 | -5/Warlord | Spotted Executioner 49363 | -5/Warlord | Destroyed Executioner 49376 | -5/Warlord | Found Prototype Processor 49376 | -5/Warlord | Identified Exp. Core Analyzer 49391 | -5/Warlord | Destroyed 9 combat bots 49433 | -5/Warlord | Spotted Executioner 49434 | -5/Warlord | Destroyed Executioner 49442 | -5/Warlord | Spotted Striker 49445 | -5/Warlord | Destroyed Striker 49458 | -5/Warlord | Spotted Striker 49468 | -5/Warlord | Destroyed Striker 49485 | -5/Warlord | Warlord base infiltrated, sounded retreat 49494 | -5/Warlord | Destroyed 13 combat bots 49590 | -5/Warlord | Spotted Striker 49605 | -5/Warlord | Destroyed Striker 49629 | -5/Warlord | Destroyed 9 combat bots 49642 | -5/Warlord | Spotted Striker 49643 | -5/Warlord | Spotted Striker 49647 | -5/Warlord | Spotted Striker 49652 | -5/Warlord | Destroyed Striker 49655 | -5/Warlord | Destroyed Striker 49676 | -5/Warlord | Destroyed 8 combat bots 49731 | -5/Warlord | Spotted Executioner 49742 | -5/Warlord | Destroyed Executioner 49763 | -5/Warlord | Destroyed 12 combat bots 49816 | -5/Warlord | Spotted Striker 49818 | -5/Warlord | Spotted B-75 Beast 49818 | -5/Warlord | Spotted Striker 49821 | -5/Warlord | Spotted B-86 Titan 49834 | -5/Warlord | Destroyed Striker 49838 | -5/Warlord | Destroyed Striker 49845 | -5/Warlord | Destroyed B-75 Beast 49848 | -5/Warlord | Destroyed B-86 Titan 49869 | -5/Warlord | Destroyed 11 combat bots 49907 | -5/Warlord | Entered Proximity Caves 49908 | -4/Proximity Caves | Learned 4 Research zone layouts 50061 | -4/Proximity Caves | Attracted the attention of an 0b10 outpost 50077 | -4/Proximity Caves | Spotted B-86 Titan 50092 | -4/Proximity Caves | Destroyed B-86 Titan 50099 | -4/Proximity Caves | Reached level 28 50133 | -4/Proximity Caves | Destroyed 13 combat bots 50170 | -4/Proximity Caves | Discovered exit to Factory (range 10) 50243 | -4/Proximity Caves | Destroyed 7 combat bots 50363 | -4/Proximity Caves | Entered Factory 50364 | -4/Factory | Loaded intel: 4 garrison access locations 50451 | -4/Factory | Spotted B-86 Titan 50452 | -4/Factory | Destroyed B-86 Titan 50454 | -4/Factory | Garrison activated, responded to threat 50667 | -4/Factory | Destroyed 11 combat bots 50813 | -4/Factory | Discovered new exit (range 14) 50850 | -4/Factory | Destroyed 14 combat bots 51061 | -4/Factory | Found Quantum Capacitor 51080 | -4/Factory | Reached level 29 51083 | -4/Factory | Upgraded with Propulsion slot (x1) 51110 | -4/Factory | Spotted B-86 Titan 51113 | -4/Factory | First assault squad dispatched 51135 | -4/Factory | Discovered new exit (range 13) 51167 | -4/Factory | High security lockdown imminent 51173 | -4/Factory | Identified exit to Upper Caves 51195 | -4/Factory | Discovered new exit (range 5) 51220 | -4/Factory | Garrison activated, responded to threat 51247 | -4/Factory | High security lockdown engaged 51261 | -4/Factory | Crushed by falling debris 51304 | -4/Factory | Destroyed 29 combat bots 51468 | -4/Factory | Destroyed 20 combat bots 51496 | -4/Factory | Destroyed B-86 Titan 51539 | -4/Factory | Destroyed 12 combat bots 51613 | -4/Factory | Sterilization system engaged 51613 | -4/Factory | Non-combat units ordered to evacuate 51632 | -4/Factory | Core integrity fell below 50% 51649 | -4/Factory | Destroyed 10 combat bots 51668 | -4/Factory | Entered Upper Caves 51707 | -4/Upper Caves | Attracted the attention of an 0b10 checkpoint 51774 | -4/Upper Caves | Discovered new exit (range 13) 51800 | -4/Upper Caves | Core integrity fell below 20% 51883 | -4/Upper Caves | Encountered a Warlord checkpoint 52029 | -4/Upper Caves | Entered another Upper Caves area 52036 | -4/Upper Caves | Learned Research machine intel 52057 | -4/Upper Caves | Discovered new exit (range 15) 52088 | -4/Upper Caves | Attracted the attention of an 0b10 outpost 52126 | -4/Upper Caves | Destroyed 9 combat bots 52155 | -4/Upper Caves | Encountered a Warlord checkpoint 52158 | -4/Upper Caves | Learned 8 Research zone layouts 52194 | -4/Upper Caves | Attracted the attention of an 0b10 checkpoint 52215 | -4/Upper Caves | Discovered new exit (range 16) 52238 | -4/Upper Caves | Destroyed 8 combat bots 52385 | -4/Upper Caves | Entered Zhirov 52385 | -4/Zhirov | Discovered new exit (range 3) 52389 | -4/Zhirov | Met Zhirov 52396 | -4/Zhirov | Zhirov requested help retrieving the SGEMP Prototype 52401 | -4/Zhirov | Found Alien Artifact 52401 | -4/Zhirov | Identified Integrated Dissipator 52401 | -4/Zhirov | Installed Integrated Dissipator, increased core heat dissipation (+20) 52424 | -4/Zhirov | Found Alien Artifact 52424 | -4/Zhirov | Identified Transdimensional Reconstructor 52424 | -4/Zhirov | Warped through subspace 52435 | -4/Zhirov | Entered Proximity Caves 52437 | -3/Proximity Caves | Reached level 30 52479 | -3/Proximity Caves | Attracted the attention of an 0b10 checkpoint 52619 | -3/Proximity Caves | Destroyed 9 combat bots 52624 | -3/Proximity Caves | Discovered new exit (range 13) 52638 | -3/Proximity Caves | Spotted B-86 Titan 52644 | -3/Proximity Caves | Destroyed B-86 Titan 52818 | -3/Proximity Caves | Entered Research 52819 | -3/Research | Identified exit to Quarantine 52819 | -3/Research | Identified exit to Armory 52820 | -3/Research | Loaded intel: 97 machine locations 52821 | -3/Research | Loaded intel: 4 garrison access locations 52965 | -3/Research | Garrison activated, responded to threat 52983 | -3/Research | Found Exp. Focal Shield 53036 | -3/Research | Upgraded with Weapon slot (x1) 53038 | -3/Research | Destroyed 12 combat bots 53068 | -3/Research | First assault squad dispatched 53111 | -3/Research | Spotted B-86 Titan 53117 | -3/Research | Destroyed B-86 Titan 53165 | -3/Research | Fabricated Adv. Particle Accelerator? 53176 | -3/Research | Garrison activated, responded to threat 53207 | -3/Research | Destroyed 7 combat bots 53234 | -3/Research | Spotted B-86 Titan 53250 | -3/Research | Destroyed B-86 Titan 53259 | -3/Research | Reached level 31 53276 | -3/Research | Spotted B-86 Titan 53284 | -3/Research | Destroyed B-86 Titan 53305 | -3/Research | Destroyed 18 combat bots 53355 | -3/Research | Found Prototype Processor 53355 | -3/Research | Identified Spectral Analyzer 53431 | -3/Research | Fabricated Exp. Armor Integrity Analyzer? 53482 | -3/Research | Discovered new exit (range 4) 53568 | -3/Research | Spotted B-90 Cyclops 53568 | -3/Research | Destroyed B-90 Cyclops 53589 | -3/Research | Destroyed 16 combat bots 53615 | -3/Research | Fabricated Hvy. Wave Gun? 53797 | -3/Research | Fabricated Hvy. Wave Gun? 53912 | -3/Research | Destroyed 9 combat bots 53926 | -3/Research | Central database locked down 53946 | -3/Research | Discovered new exit (range 4) 54010 | -3/Research | Discovered new exit (range 16) 54031 | -3/Research | Destroyed 10 combat bots 54050 | -3/Research | High security lockdown imminent 54071 | -3/Research | Found Exp. Hacking Suite 54130 | -3/Research | High security lockdown engaged 54219 | -3/Research | Sterilization system engaged 54219 | -3/Research | Non-combat units ordered to evacuate 54246 | -3/Research | Reached level 32 54269 | -3/Research | Destroyed 17 combat bots 54319 | -3/Research | Combat units ordered to evacuate 54519 | -3/Research | Ambient heat levels rising (+10) 54669 | -3/Research | Ambient heat levels rising (+10) 54819 | -3/Research | Ambient heat levels rising (+10) 54836 | -3/Research | Build established: Wizard-Executioner 54969 | -3/Research | Ambient heat levels rising (+10) 55119 | -3/Research | Ambient heat levels rising (+10) 55269 | -3/Research | Ambient heat levels rising (+10) 55419 | -3/Research | Ambient heat levels rising (+10) 55569 | -3/Research | Ambient heat levels rising (+10) 55719 | -3/Research | Ambient heat levels rising (+10) 55869 | -3/Research | Ambient heat levels rising (+10) 56019 | -3/Research | Ambient heat levels rising (+10) 56169 | -3/Research | Ambient heat levels rising (+10) 56319 | -3/Research | Ambient heat levels rising (+10) 56469 | -3/Research | Ambient heat levels rising (+10) 56619 | -3/Research | Ambient heat levels rising (+10) 56769 | -3/Research | Ambient heat levels rising (+10) 56919 | -3/Research | Ambient heat levels rising (+10) 56931 | -3/Research | Entered Quarantine 56968 | -3/Quarantine | Found Alien Reactor 56968 | -3/Quarantine | Identified Matter Drive 56985 | -3/Quarantine | Met incapacitated Sigix Warrior 56985 | -3/Quarantine | Lockdown squad dispatched 56986 | -3/Quarantine | Acquired the access code to the Sigix quarantine chamber 57015 | -3/Quarantine | Found Alien Artifact 57015 | -3/Quarantine | Identified Core Reset Matrix 57015 | -3/Quarantine | Used Core Reset Matrix 57019 | -3/Quarantine | Sensed 15 artifacts in vicinity 57067 | -3/Quarantine | Found Unknown Protection 57067 | -3/Quarantine | Identified Adv. Powered Armor 57087 | -3/Quarantine | Spotted Lightning 57087 | -3/Quarantine | Spotted Lightning 57088 | -3/Quarantine | Spotted Lightning 57090 | -3/Quarantine | Destroyed Lightning 57092 | -3/Quarantine | Destroyed Lightning 57097 | -3/Quarantine | Destroyed Lightning 57114 | -3/Quarantine | Found Prototype Device 57114 | -3/Quarantine | Identified Exp. EM Disruption Field 57181 | -3/Quarantine | First assault squad dispatched 57189 | -3/Quarantine | Found Sigix Broadsword 57201 | -3/Quarantine | Garrison activated, responded to threat 57226 | -3/Quarantine | Build established: Wizard-Sprinter 57251 | -3/Quarantine | Destroyed 12 combat bots 57336 | -3/Quarantine | Destroyed 11 combat bots 57344 | -3/Quarantine | Found Dimensional Node Initializer 57344 | -3/Quarantine | Initialized slip node 57346 | -3/Quarantine | Found Hpw. Transdimensional Reconstructor 57346 | -3/Quarantine | Warped through subspace to slip node 57374 | -3/Quarantine | High security lockdown imminent 57374 | -3/Quarantine | Discovered new exit (range 10) 57386 | -3/Quarantine | Found Subatomic Replicator 57389 | -3/Quarantine | Used Subatomic Replicator to replicate Vortex Rifle 57407 | -3/Quarantine | Found Terrabomb 57407 | -3/Quarantine | Used Terrabomb 57442 | -3/Quarantine | Found Core Cannon 57454 | -3/Quarantine | High security lockdown engaged 57539 | -3/Quarantine | Found Core Stripper 57552 | -3/Quarantine | Destroyed 18 combat bots 57558 | -3/Quarantine | Spotted Fortress 57574 | -3/Quarantine | Destroyed Fortress 57592 | -3/Quarantine | Discovered new exit (range 6) 57593 | -3/Quarantine | Entered Section 7 57594 | -3/Section 7 | Sensed 18 artifacts in vicinity 57594 | -3/Section 7 | Spotted S7 Guard 57594 | -3/Section 7 | Destroyed S7 Guard 57607 | -3/Section 7 | Found Core Physics Calibrator 57631 | -3/Section 7 | Found Integrated Reactor 57631 | -3/Section 7 | Installed Integrated Reactor, increased core energy generation (+10) 57670 | -3/Section 7 | Spotted S7 Guard 57676 | -3/Section 7 | Destroyed S7 Guard 57683 | -3/Section 7 | Found Core Regenerator 57692 | -3/Section 7 | Found Spacefold Activator 57703 | -3/Section 7 | Found Integrated Mediator 57703 | -3/Section 7 | Installed Integrated Mediator, increased core attachment efficiency 57714 | -3/Section 7 | Found Integrated Dissipator 57714 | -3/Section 7 | Installed Integrated Dissipator, increased core heat dissipation (+20) 57721 | -3/Section 7 | Found Integrated Reactor 57721 | -3/Section 7 | Installed Integrated Reactor, increased core energy generation (+10) 57729 | -3/Section 7 | Spotted B-86 Titan 57734 | -3/Section 7 | Destroyed B-86 Titan 57737 | -3/Section 7 | Used Core Regenerator, restored core integrity (+148) 57843 | -3/Section 7 | First assault squad dispatched 57862 | -3/Section 7 | Found Unknown Device 57862 | -3/Section 7 | Identified Quantum Capacitor 57871 | -3/Section 7 | Identified exit to Research 57904 | -3/Section 7 | Reached level 33 57936 | -3/Section 7 | Upgraded with Utility slot (x1) 57949 | -3/Section 7 | Destroyed 8 combat bots 57964 | -3/Section 7 | Central database locked down 57973 | -3/Section 7 | Spotted S7 Guard 57976 | -3/Section 7 | Destroyed S7 Guard 57997 | -3/Section 7 | Found Core Membrane 57997 | -3/Section 7 | Installed Core Membrane, gained immunity to corruption 58066 | -3/Section 7 | Spotted Executioner 58066 | -3/Section 7 | Spotted Executioner 58067 | -3/Section 7 | Destroyed Executioner 58070 | -3/Section 7 | Destroyed Executioner 58077 | -3/Section 7 | Found Exp. Core Analyzer 58096 | -3/Section 7 | Found Drained L-Cannon 58110 | -3/Section 7 | Spotted Striker 58110 | -3/Section 7 | Spotted Striker 58123 | -3/Section 7 | Destroyed Striker 58123 | -3/Section 7 | Destroyed Striker 58132 | -3/Section 7 | Spotted Executioner 58132 | -3/Section 7 | Spotted Executioner 58133 | -3/Section 7 | Destroyed Executioner 58135 | -3/Section 7 | Destroyed Executioner 58145 | -3/Section 7 | Found Prototype Processor 58145 | -3/Section 7 | Identified Exp. Targeting Computer 58151 | -3/Section 7 | Found Prototype Device 58151 | -3/Section 7 | Identified Adv. Kinecellerator 58181 | -3/Section 7 | Found Sigix Sheargun 58188 | -3/Section 7 | Spotted Striker 58188 | -3/Section 7 | Spotted Striker 58194 | -3/Section 7 | Destroyed Striker 58194 | -3/Section 7 | Destroyed Striker 58285 | -3/Section 7 | Spotted B-99 Colossus 58288 | -3/Section 7 | Destroyed 13 combat bots 58297 | -3/Section 7 | Destroyed B-99 Colossus 58328 | -3/Section 7 | Found LRC Energy Well 58328 | -3/Section 7 | Installed LRC Energy Well, increased energy storage capacity (+250) 58357 | -3/Section 7 | Spotted Alpha 7 58357 | -3/Section 7 | Spotted Alpha 7 58362 | -3/Section 7 | Destroyed Alpha 7 58368 | -3/Section 7 | Destroyed Alpha 7 58394 | -3/Section 7 | Found Prototype Processor 58394 | -3/Section 7 | Identified Exp. Signal Interpreter 58502 | -3/Section 7 | Destroyed 10 combat bots 58938 | -3/Section 7 | High security lockdown imminent 58974 | -3/Section 7 | Destroyed 9 combat bots 59018 | -3/Section 7 | High security lockdown engaged 59158 | -3/Section 7 | Destroyed 10 combat bots 59214 | -3/Section 7 | Spotted Investigator 59215 | -3/Section 7 | Entered Research 59215 | -2/Research | Warlord forces began assault on 0b10 59240 | -2/Research | Distinguished unit "Shockpunchers" dispatched to help 59285 | -2/Research | Discovered new exit (range 4) 59323 | -2/Research | Identified exit to Testing 59323 | -2/Research | Identified exit to Access 59325 | -2/Research | Research machine network offline 59326 | -2/Research | Spotted B-90 Cyclops 59330 | -2/Research | Destroyed B-90 Cyclops 59368 | -2/Research | Spotted B-90 Cyclops 59369 | -2/Research | Destroyed 7 combat bots 59371 | -2/Research | Destroyed B-90 Cyclops 59410 | -2/Research | Reached level 34 59536 | -2/Research | Spotted Striker 59543 | -2/Research | Entered Access 59554 | -1/Access | Identified exit to Garrison 59605 | -1/Access | Identified exit to Surface 59665 | -1/Access | Fabricated Exp. Weapon Cycler (x1) 59753 | *** | Heading to fleet! Last Messages --------------- 59735_ P-80 Master destroyed. 59735_ W-44 Eye destroyed. 59739_ ALERT: Security rotation in progress. 59743_ Used Protomatter to restore core integrity (+74) 59746_ Used Protomatter to restore part integrity (+46) 59747_ Acquired 5 matter. 59751_ Connecting with Terminal... >>Open(Door) Sealed Barrier opened. 59752_ The Access Shell folds into the floor. [Achievement: 30k Club] [Achievement: 40k Club] [Achievement: 50k Club] [Achievement: Torch] [Achievement: Rambo] [Achievement: Home At Last?] [Achievement: True Flier] [Achievement: Victory By Combat] [Achievement: Death Machine] [Achievement: Overachiever] Map ----- +----------------------------------------------------+ | ?????????? ???????????????????????????????????? | | ?????????? ???????????????????????????????????? | | ?????????? ???????????????????????????????????? | | ?????????? ???????????????????????????????????? | | ??????????# #???????????????????????????????????? | | ??????????# #???????????????????????????????????? | | ??????????# #???????????????????????????????????? | | ??????????# #???????????????????????????????????? | | ########### #???????????????????????????????????? | | # # #???????????????????????????????????? | | # # #???????????????????????????????????? | | # # #???????????????????????????????????? | | # # #???????????????????????????????????? | | # # #???????????????????????????????????? | | # + +???????????????????????????????????? | | # # #???????????????????????????????????? | | # # #???????????????????????????????????? | | #####+##### #???????????????????????????????????? | | ????#!#???# #?????###???????????????????????????? | | ????#=#???# ####### ##########??????????????????? | | ????#%#???# """T""" "??????????????????? | | ????#!#???# """ """ "??????????????????? | | ????#[#???# "??????????????????? | | ??#%#???# "??????????????????? | | #!#???# "" "??????????????????? | | ] +!#???# @" "??????????????????? | | #!#???# "??????????????????? | | ##### #???# "??????????????????? | | #???# "??????????????????? | | #???# "??????????????????? | | #???# ####### ##########??????????????????? | | #???# ??????###???????????????????????????? | | ## #???# ????????????????????????????????????? | | ?# #???# ????????????????????????????????????? | | ?# #???# ????????????????????????????????????? | | ?# #???# ????????????????????????????????????? | | ##"##+##### ????????????????????????????????????? | | ! # ????????????????????????????????????? | | =! #??????????????????????????????????????? | | ! #??????????????????????????????????????? | | =" #??????????????????????????????????????? | | """ #??????????????????????????????????????? | | """ +??????????????????????????????????????? | | """" #??????????????????????????????????????? | | """ #??????????????????????????????????????? | | " #??????????????????????????????????????? | | ? #??????????????????????????????????????? | | ? #??????????????????????????????????????? | | ? #??????????????????????????????????????? | | ?##########??????????????????????????????????????? | +----------------------------------------------------+ Best States ------------- Heat Dissipation 216 Energy Generation 81 Energy Capacity 650 Matter Stores 300 Matter Capacity 600 Sight Range 16 Robot Scan Range 10 Terrain Scan Density 85 Jamming Range 14 Cloak Strength 4 EM Shielding 4 Corruption Block 20 Armor Coverage 400 Resistance: KI 20 Resistance: TH 35 Resistance: EX 20 Resistance: EM 20 Resistance: I 20 Resistance: S 20 Resistance: P 20 Weapon Shielding 66 Weapon Cycling 30 Melee Speed Boost 20 Evasion (%) 80 Targeting Accuracy 8 Melee Accuracy 8 Target Analysis 10 Core Analysis 12 Armor Integrity Analysis 50 Matter Filtering 50 Particle Charging 60 Force Boost 30 Offensive Hacking 76 Defensive Hacking 57 Item Schematics ----------------- Hellfire Missile Launcher | -3/Quarantine | Extracted Adv. ECM Suite | -3/Quarantine | Extracted Imp. Remote Datajack | -3/Quarantine | Extracted Imp. Focal Shield | -3/Quarantine | Extracted Gravity Neutralizer | -3/Section 7 | Archive Enh. Flexi-carbon Leg | -3/Section 7 | Archive Imp. Matter Neutralizer | -3/Section 7 | Archive Hvy. Proton Missile Launcher | -3/Section 7 | Archive Molecular Scythe | -3/Section 7 | Archive Cld. Antigrav System | -3/Section 7 | Archive Cld. Impulse Thruster | -3/Section 7 | Archive Spectral Analyzer | -3/Section 7 | Archive Adv. Micro-nuke Launcher | -3/Section 7 | Archive Enh. Force Rifle | -3/Section 7 | Archive Prc. Energy Filter | -3/Section 7 | Archive Adv. Gravity Neutralizer | -3/Section 7 | Archive Hvy. Hardcell Cannon | -3/Section 7 | Archive Cld. Plasma Rifle | -3/Section 7 | Archive Hvy. Antimatter Reactor | -3/Section 7 | Archive Exp. Reaction Control System | -3/Section 7 | Hacked Exp. Weapon Cycler | -3/Section 7 | Hacked Adv. Particle Accelerator | -3/Section 7 | Hacked Exp. Core Analyzer | -3/Section 7 | Hacked Imp. Propulsion Shielding | -3/Section 7 | Extracted Hvy. Dispersion Rifle | -3/Section 7 | Archive Lgt. Antimatter Cannon | -3/Section 7 | Archive Exp. Shield Generator | -3/Section 7 | Archive Plasma Sword | -3/Section 7 | Archive Nanosword | -3/Section 7 | Archive Imp. Energy Well | -3/Section 7 | Archive Exp. Cooling System | -3/Section 7 | Archive Neutron Missile Launcher | -3/Section 7 | Archive Robot Schematics ------------------ R-10 Processor | -3/Section 7 | Archive X-72 Disruptor | -3/Section 7 | Archive C-55 Analyst | -3/Section 7 | Archive K-01 Serf | -3/Section 7 | Archive Y-72 Warden | -3/Section 7 | Archive A-02 Transporter | -3/Section 7 | Archive E-15 Imp | -2/Research | Hacked Fabricated ------------ Adv. Hacking Suite | x1 | -7/Factory | Preloaded Biomechanical Wings | x1 | -7/Factory Biomechanical Wings | x1 | -7/Factory Biomechanical Wings | x1 | -7/Factory Imp. Weapon Cycler | x2 | -7/Factory Wave Gun | x2 | -6/Factory Wave Gun | x2 | -6/Factory Adv. Cooling System | x2 | -6/Factory Imp. Corruption Screen | x2 | -6/Factory Adv. Reaction Control System | x2 | -5/Factory Exp. Cooling System | x1 | -5/Factory Adv. Corruption Screen | x2 | -5/Factory Adv. Particle Accelerator | x1 | -3/Research Exp. Armor Integrity Analyzer | x1 | -3/Research Hvy. Wave Gun | x1 | -3/Research Hvy. Wave Gun | x1 | -3/Research Exp. Weapon Cycler | x1 | -1/Access Alien Tech Used ----------------- Integrated Dissipator Transdimensional Reconstructor Matter Drive Core Reset Matrix Sigix Broadsword Dimensional Node Initializer High-powered Transdimensional Reconstructor Subatomic Replicator Terrabomb Core Cannon Core Stripper Core Physics Calibrator Integrated Reactor Spacefold Activator Integrated Mediator Core Regenerator Core Membrane Drained L-Cannon Sigix Sheargun LRC Energy Well Achievements -------------- 30k Club 40k Club 50k Club Alien Roots Artifact Hunter Charge!!! Collateral Damage Death Machine Equal Opportunity Bot False Reunion Giant Slayer Great Explorer Gunslinger Home At Last? More Power To You Most Wanted Nope Overachiever Preemptive Strike Production Line Pyromaniac Rambo Reappropriation Rockin' Loadout Torch True Flier Ultimate Loadout Victory By Combat Challenges ------------ None RPGLIKE | -11 -10 -10 -10 -8 -8 -8 -8 -8 -7 -7 -7 -7 -7 -7 -6 -6 -6 -6 -6 -6 -6 -5 -5 -5 -5 -5 -5 -5 -4 -4 -4 -4 -4 -3 -3 -3 -3 -2 -1 --------- Run | Yrd Mat Min Sub Mat Gar Mat Gar Mat Fac Was Fac Low Low Dat Pro Fac Was Fac Low Low Zio Pro Fac Was Fac Upp Upp War Pro Fac Upp Upp Zhi Pro Res Qua Sec Res Acc Levels Raised 33 | . 4 1 1 6 1 1 1 1 2 . 1 . . . 1 2 . 1 . . . . 2 . 1 . . . 1 1 . . . 1 2 . 1 1 . XP Earned 54896 | 4250 6563 1873 753 8805 1990 1694 863 1225 3447 22 1941 138 205 57 406 2961 15 1781 76 74 34 730 1802 15 1543 88 81 627 582 2191 135 226 50 617 2726 1032 869 1052 1357 XP Spent 51920 | 1800 7800 1700 1600 7020 1700 2480 2300 . 4500 . . 500 . . . 4800 . . . . . . 5170 . . . . 1600 . 1700 . . . . 3800 250 3200 . . Upgrades 75 | 4 18 2 3 10 1 3 2 . 7 . . 5 . . . 4 . . . . . . 5 . . . . 1 . 1 . . . . 7 1 1 . . Power Slot 2 | . . . . 1 . . . . . . . . . . . 1 . . . . . . . . . . . . . . . . . . . . . . . Propulsion Slot 5 | . 3 . . 1 . . . . . . . . . . . . . . . . . . . . . . . . . 1 . . . . . . . . . Utility Slot 10 | . 2 1 . 1 1 1 . . 1 . . . . . . 1 . . . . . . 1 . . . . . . . . . . . . . 1 . . Weapon Slot 5 | 2 1 . . . . . 1 . . . . . . . . . . . . . . . . . . . . . . . . . . . 1 . . . . Heat Dissipation 22 | . 6 . . 3 . 2 . . 4 . . . . . . 1 . . . . . . 3 . . . . . . . . . . . 3 . . . . Energy Generation 4 | . . . 1 1 . . . . 1 . . . . . . 1 . . . . . . . . . . . . . . . . . . . . . . . Energy Storage 4 | . . . . . . . . . 1 . . . . . . . . . . . . . . . . . . . . . . . . . 3 . . . . Mass Support 4 | 1 . . 1 . . . . . . . . . . . . . . . . . . . 1 . . . . 1 . . . . . . . . . . . Inventory Capacity 1 | . . . . . . . . . . . . . . . . . . . . . . . . . . . . . . . . . . . . 1 . . . Sensor Range 5 | . . . . . . . . . . . . 5 . . . . . . . . . . . . . . . . . . . . . . . . . . . Ranged Accuracy 6 | 1 1 1 1 1 . . 1 . . . . . . . . . . . . . . . . . . . . . . . . . . . . . . . . Hack Attack % 5 | . 3 . . 2 . . . . . . . . . . . . . . . . . . . . . . . . . . . . . . . . . . . Hack Defense % 2 | . 2 . . . . . . . . . . . . . . . . . . . . . . . . . . . . . . . . . . . . . . Protomatter Created 35882 | 12 486 363 253 963 380 834 712 1132 1926 95 2327 121 453 188 217 2779 . 3687 88 392 149 697 1727 372 2805 169 388 1236 604 2003 269 532 . 484 2865 1506 2054 337 277 Integrity Restored 30861 | . 721 194 455 571 285 527 578 636 1308 54 1543 56 112 282 300 1991 22 3303 246 22 48 757 1106 . 1494 82 188 3105 922 2704 794 310 . 295 2176 1072 2031 354 217 Core 21469 | . 571 109 311 391 210 369 363 413 1043 46 1168 42 89 282 172 1563 . 2664 137 15 31 586 885 . 1054 60 150 2131 471 1824 607 48 . 187 1351 647 1147 215 117 Parts 9392 | . 150 85 144 180 75 158 215 223 265 8 375 14 23 . 128 428 22 639 109 7 17 171 221 . 440 22 38 974 451 880 187 262 . 108 825 425 884 139 100 Protomatter Decayed 20208 | . 96 272 108 537 212 591 450 631 855 . 1313 101 413 94 113 1736 93 1814 . 383 65 328 890 94 1788 139 322 660 241 448 . 365 . 378 1597 931 769 1166 215 Game ------ Seed CoolingSpectralLance Manual? 0 Play Time 17:13:13 Cumulative 158.7 hours Start 2024.08.14 @ 12:06:01 End 2024.08.15 @ 18:59:44 Sessions 7 Manual Loads 0 Difficulty Adventurer Special Mode Winter2019/RPGLIKE Game No. 54 Rogue 51 Adventurer 3 Explorer 0 Win Type 2 Total 3 Types 2/0/1/0/0/0/0/0/0 Lore% 54 Gallery% 65 Achievement% 52 Wizard Run 0 Options --------- Layout 0 ASCII 0 Keyboard 1 Movement Vi Keybinds 0 Fullscreen 2 Font 18/Smallcaps Map View 76x50 Zoom Use 0% Tactical HUD 1 Map Filters NONE Filters NONE Steam 1 RUN: c1f2eddd-2231-473a-9e9f-7fb4a4c7ad19